 Dungeon Crawl Stone Soup version 0.28.0-45-g0d030f2227 (webtiles) character file.

Game seed: 9436801532142488028

1485109 protoss039 the Conqueror (level 27, -4/214 HPs)
             Began as a Gargoyle Earth Elementalist on Apr 30, 2022.
             Was the Champion of Vehumet.
             Killed by an exploding ball lightning (8 damage)
             ... on level 24 of a ziggurat on May 2, 2022.
             The game lasted 11:46:49 (148632 turns).

protoss039 the Conqueror (GrEE)                   Turns: 148632, Time: 11:46:50

Health: -4/214     AC: 67    Str: 23    XL:     27
Magic:  68/68      EV: 14    Int: 38    God:    Vehumet [******]
Gold:   17361      SH: 28    Dex: 10    Spells: 1/80 levels left

rFire   + + .      SeeInvis +   h - staff of earth
rCold   + + .      Faith    .   D - +4 tower shield of Dogmatism {Regen+ Int+5 Slay-6}
rNeg    + + .      Spirit   .   Z - +8 orange crystal plate armour {Archmagi, Int+3 Clar}
rPois   ∞          Reflect  .   Y - -2 hat of the Alchemist {rElec rPois rF+ rC+ rN+ Will+ rMut rCorr}
rElec   +          Harm     .   R - +2 cloak {Will+}
rCorr   +          Rampage  .   P - +0 pair of gloves "Doankauf" {Will++ Str+7}
rMut    +          Archmagi + + B - +1 pair of boots "Laavec" {rC+}
Will    +++++      Clarity  +   L - amulet of Vitality {Regen+ HP+15}
Stlth   ..........              M - ring "Luatsiv" {MP+9 Int+4 SInv}
HPRegen 2.05/turn               y - ring of the Mage {Wiz Archmagi}
MPRegen 0.41/turn

@: flying, hasted, studying 6 skills, silenced, very quick
A: sickness immunity, AC +20, big wings, negative energy resistance 1,
electricity resistance, torment resistance 1, petrification resistance, fire
resistance 1, high MP 1, MP-powered wands
}: 15/15 runes: decaying, slimy, silver, golden, iron, obsidian, icy, bone,
abyssal, demonic, glowing, magical, fiery, dark, gossamer
a: Renounce Religion


You were on level 24 of a ziggurat.
You worshipped Vehumet.
Vehumet was exalted by your worship.
You visited 18 branches of the dungeon, and saw 89 of its levels.
You visited Pandemonium 2 times, and saw 20 of its levels.
You visited the Abyss 1 time.
You visited 1 bazaar.
You visited 2 ziggurats (completing 1), and saw 51 of their levels.
You also visited: Trove, Ossuary, Bailey, Ice Cave and Volcano.

You collected 23623 gold pieces.
You spent 6262 gold pieces at shops.

Inventory:

Hand Weapons
 k - the +9 staff of Wucad Mu {*channel}
   (You found it on level 5 of the Pits of Slime)

   It occasionally powers its wielder's spells, but with a chance of causing
   confusion or draining the wielder's intelligence.
   It becomes more likely to activate and less likely to backfire with increased
   Evocations skill.
 K - the +6 sword of Cerebov {flame}
   (You took it off Cerebov in Pandemonium)

   It burns those it strikes, dealing additional fire damage.
   Big, fiery blades are also staple armaments of hydra-hunters.
   It temporarily reduces the fire resistance of those it strikes.
 Q - the +10 broad axe of Dithmenos's Esteem {flame, rPois rF+ SInv}
   (You found it on level 1 of the Lair of Beasts)

   It burns those it strikes, dealing additional fire damage.
   Big, fiery blades are also staple armaments of hydra-hunters.
   rF:        It protects you from fire.
   rPois:     It protects you from poison.
   SInv:      It lets you see invisible.
Missiles
 a - 5 throwing nets
Armour
 B - the +1 pair of boots "Laavec" (worn) {rC+}
   (You found it on level 7 of the Dungeon)

   rC:        It protects you from cold.
 D - the +4 tower shield of Dogmatism (worn) {Regen+ Int+5 Slay-6}
   (You took it off a daeva on level 22 of a ziggurat)

   Int:       It affects your intelligence (+5).
   Slay:      It affects your accuracy & damage with ranged weapons and melee
   (-6).
   Regen:     It increases your rate of health regeneration.
 G - the -1 cloak of the Illusory Gods {Harm Rampage rF++ Stlth-}
   (You found it in Pandemonium)

   rF:        It greatly protects you from fire.
   Harm:      It increases damage dealt and taken.
   Rampage:   It bestows one free step when moving towards enemies.
   Stlth:     It makes you less stealthy.
 P - the +0 pair of gloves "Doankauf" (worn) {Will++ Str+7}
   (You found it on level 4 of the Realm of Zot)

   Str:       It affects your strength (+7).
   Will:      It greatly increases your willpower.
 R - a +2 cloak of willpower (worn)
 U - the +2 pair of boots of the Equator {-Tele Will- Str+3 Int+7}
   (You found it on level 15 of a ziggurat)

   Str:       It affects your strength (+3).
   Int:       It affects your intelligence (+7).
   -Tele:     It prevents most forms of teleportation.
   Will:      It decreases your willpower.
 Y - the -2 hat of the Alchemist (worn) {rElec rPois rF+ rC+ rN+ Will+ rMut rCorr}
   (You found it on level 4 of the Spider Nest)

   rF:        It protects you from fire.
   rC:        It protects you from cold.
   rElec:     It insulates you from electricity.
   rPois:     It protects you from poison.
   rN:        It protects you from negative energy.
   rCorr:     It protects you from acid and corrosion.
   rMut:      It protects you from mutation.
   Will:      It increases your willpower.
 Z - the +8 orange crystal plate armour (worn) {Archmagi, Int+3 Clar}
   (You found it on level 22 of a ziggurat)

   Int:       It affects your intelligence (+3).
   Clar:      It protects you against confusion.
Magical Staves
 h - a staff of earth (weapon)
 v - a staff of fire
Jewellery
 m - the ring of Day {MP+9 Int+5}
   (You found it on level 5 of the Vaults)

   [ring of magical power]

   Int:       It affects your intelligence (+5).
   MP:        It affects your magic capacity (+9).
 t - the ring "Rokownutz" {+Blink Will+ Slay+4}
   (You found it in Pandemonium)

   [ring of slaying]

   Slay:      It affects your accuracy & damage with ranged weapons and melee
   (+4).
   +Blink:    It lets you blink.
   Will:      It increases your willpower.
 y - the ring of the Mage (right hand) {Wiz Archmagi}
   (You found it on level 5 of the Pits of Slime)

   [ring of wizardry]

   It improves your spell success rate.
   Archmagi:  It increases the power of your magical spells.
 L - the amulet of Vitality (around neck) {Regen+ HP+15}
   (You found it on level 20 of a ziggurat)

   [amulet of regeneration]

   HP:        It affects your health (+15).
   Regen:     It increases your rate of health regeneration.
 M - the ring "Luatsiv" (left hand) {MP+9 Int+4 SInv}
   (You found it on level 22 of a ziggurat)

   [ring of magical power]

   Int:       It affects your intelligence (+4).
   MP:        It affects your magic capacity (+9).
   SInv:      It lets you see invisible.
 S - the dreamshard necklace {*Dream Drain}
   (You found it on level 23 of a ziggurat)

   [amulet of nothing]

   It shatters if its wearer takes lethal or near-lethal damage, preventing the
   blow and releasing protective dreams that heal and fight for the wearer.
   Drain:     It drains your maximum health when unequipped.
 T - the ring of Maacuach {Wiz Str+4 SInv}
   (You found it on level 7 of Cocytus)

   [ring of wizardry]

   It improves your spell success rate.
   Str:       It affects your strength (+4).
   SInv:      It lets you see invisible.
Wands
 E - a wand of iceblast (40)
 I - a wand of digging (22)
 O - a wand of acid (49)
Scrolls
 b - 13 scrolls of fear
 f - 11 scrolls of immolation
 g - 48 scrolls of fog
 j - 39 scrolls of teleportation
 l - 14 scrolls of amnesia
 p - 29 scrolls of enchant armour
 q - 12 scrolls of magic mapping
 s - 6 scrolls of brand weapon
 w - 3 scrolls of summoning
 x - 20 scrolls of blinking
 C - 15 scrolls of enchant weapon
Potions
 d - 26 potions of curing
 e - 19 potions of heal wounds
 i - 21 potions of haste
 n - 17 potions of ambrosia
 o - 17 potions of magic
 r - 13 potions of might
 u - 28 potions of mutation
 A - 11 potions of invisibility
 F - 9 potions of resistance
 J - 7 potions of cancellation
 N - 7 potions of brilliance
Miscellaneous
 c - the horn of Geryon
 z - a condenser vane
 H - a phantom mirror (inert)


   Skills:
 O Level 27 Fighting
 - Level 18.0 Staves
 O Level 27 Armour
 O Level 27 Dodging
 - Level 3.0 Stealth
 O Level 27 Shields
 O Level 27 Spellcasting
 O Level 27 Conjurations
 - Level 21.0 Necromancy
 - Level 18.0 Transmutations
 O Level 27 Fire Magic
 + Level 21.4 Ice Magic
 O Level 27 Earth Magic
 - Level 9.0 Evocations


You had one spell level left.
You knew the following spells:

 Your Spells              Type           Power      Damage    Failure   Level
a - Necromutation         Tmut/Necr      82%        N/A       2%          8
b - Passwall              Tmut/Erth      100%       N/A       0%          2
c - Polar Vortex          Ice            85%        N/A       5%          9
d - Swiftness             Air            86%        N/A       3%          3
e - Fire Storm            Conj/Fire      91%        8d23      1%          9
f - Ignition              Fire           91%        3d23      1%          8
g - Shatter               Erth           100%       3d71*     1%          9
h - Freezing Cloud        Conj/Ice/Air   78%        6-21      1%          5
i - Borgnjor's Vile Clut  Necr/Erth      100%       N/A       0%          5
j - Iron Shot             Conj/Erth      100%       9d18      0%          6
k - Lehudib's Crystal Sp  Conj/Erth      100%       10d22     1%          8
l - Ozocubu's Refrigerat  Ice            85%        4d22      1%          7

Your spell library contained the following spells:

 Spells                   Type           Power      Damage    Failure   Level
 Chain Lightning          Conj/Air       74%        3d99      67%         9
 Animate Skeleton         Necr           100%       N/A       0%          1
 Beastly Appendage        Tmut           100%       N/A       0%          1
 Foxfire                  Conj/Fire      100%       2x1d9     0%          1
 Freeze                   Ice            100%       1d11      0%          1
 Magic Dart               Conj           100%       1d8       0%          1
 Pain                     Necr           100%       1d9       0%          1
 Sandblast                Erth           100%       2d20      0%          1
 Shock                    Conj/Air       100%       1d9       0%          1
 Apportation              Tloc           100%       N/A       1%          1
 Slow                     Hex            100%       N/A       1%          1
 Sting                    Tmut/Pois      100%       1d8       1%          1
 Summon Small Mammal      Summ           100%       N/A       1%          1
 Scorch                   Fire           100%       2d10      0%          2
 Searing Ray              Conj           100%       2d8       0%          2
 Static Discharge         Conj/Air       100%       N/A       0%          2
 Wereblood                Tmut           100%       N/A       0%          2
 Conjure Flame            Conj/Fire      100%       6-21      0%          3
 Frozen Ramparts          Ice            100%       1d12      0%          3
 Ignite Poison            Fire/Tmut/Pois 100%       N/A       0%          3
 Ozocubu's Armour         Ice            100%       N/A       0%          3
 Stone Arrow              Conj/Erth      100%       3d13      0%          3
 Vampiric Draining        Necr           100%       2d13      0%          3
 Animate Dead             Necr           84%        N/A       0%          4
 Dispel Undead            Necr           100%       3d31      0%          4
 Flame Wave               Conj/Fire      100%       2d17      0%          4
 Hailstorm                Conj/Ice       100%       3d20      0%          4
 Ice Form                 Ice/Tmut       100%       N/A       0%          4
 Petrify                  Tmut/Erth      100%       N/A       0%          4
 Sticky Flame             Conj/Fire      100%       2d11      0%          4
 Agony                    Necr           100%       N/A       0%          5
 Excruciating Wounds      Necr           84%        N/A       0%          5
 Fireball                 Conj/Fire      91%        3d33      0%          5
 Irradiate                Conj/Tmut      86%        3d42      0%          5
 Iskenderun's Battlesphe  Conj           100%       2d15      0%          5
 Lee's Rapid Deconstruct  Erth           100%       3d45*     0%          5
 Starburst                Conj/Fire      91%        6d23      0%          6
 Blink                    Tloc           100%       N/A       1%          2
 Call Imp                 Summ           86%        N/A       1%          2
 Corpse Rot               Necr/Air       100%       N/A       1%          2
 Ensorcelled Hibernation  Hex/Ice        100%       N/A       1%          2
 Poisonous Vapours        Pois/Air       100%       N/A       1%          2
 Dazzling Flash           Conj/Hex       100%       N/A       1%          3
 Inner Flame              Hex/Fire       100%       N/A       1%          3
 Mephitic Cloud           Conj/Pois/Air  100%       N/A       1%          3
 Spider Form              Tmut/Pois      100%       N/A       1%          3
 Anguish                  Hex/Necr       69%        N/A       1%          4
 Animate Armour           Summ/Erth      100%       N/A       1%          4
 Fulminant Prism          Conj/Hex       74%        3d30      1%          4
 Iskenderun's Mystic Bla  Conj/Tloc      100%       2d19      1%          4
 Leda's Liquefaction      Hex/Erth       87%        N/A       1%          4
 Summon Ice Beast         Ice/Summ       100%       N/A       1%          4
 Alistair's Intoxication  Tmut/Pois      88%        N/A       1%          5
 Blade Hands              Tmut           81%        N/A       1%          5
 Lightning Bolt           Conj/Air       74%        1d100     1%          5
 Metabolic Englaciation   Hex/Ice        70%        N/A       1%          5
 Yara's Violent Unravell  Hex/Tmut       66%        3d25      1%          5
 Conjure Ball Lightning   Conj/Air       74%        3x3d27    1%          6
 Death Channel            Necr           84%        N/A       1%          6
 Eringya's Noxious Bog    Tmut/Pois      66%        N/A       1%          6
 Simulacrum               Ice/Necr       85%        N/A       1%          6
 Dragon Form              Tmut           81%        N/A       1%          7
 Orb of Destruction       Conj           91%        9d20      1%          7
 Spellforged Servitor     Conj/Summ      74%        N/A       1%          7
 Borgnjor's Revivificati  Necr           84%        N/A       1%          8
 Infestation              Necr           84%        N/A       1%          8
 Call Canine Familiar     Summ           86%        N/A       3%          3
 Confusing Touch          Hex            86%        N/A       3%          3
 Gell's Gravitas          Tloc           86%        N/A       3%          3
 Lesser Beckoning         Tloc           86%        N/A       3%          3
 Portal Projectile        Hex/Tloc       100%       N/A       3%          3
 Summon Guardian Golem    Hex/Summ       86%        N/A       3%          3
 Teleport Other           Tloc           86%        N/A       3%          3
 Tukima's Dance           Hex            86%        N/A       3%          3
 Airstrike                Air            43%        N/A       3%          4
 Olgreb's Toxic Radiance  Pois           86%        N/A       3%          4
 Cause Fear               Hex            43%        N/A       12%         4
 Passage of Golubria      Tloc           86%        N/A       12%         4
 Summon Lightning Spire   Summ/Air       86%        N/A       12%         4
 Haunt                    Necr/Summ      69%        N/A       13%         7
 Death's Door             Necr           84%        N/A       21%         9
 Storm Form               Tmut/Air       66%        N/A       24%         7
 Manifold Assault         Tloc           86%        N/A       30%         5
 Silence                  Hex/Air        43%        N/A       30%         5
 Summon Forest            Summ/Tloc      43%        N/A       30%         5
 Summon Mana Viper        Hex/Summ       86%        N/A       30%         5
 Dispersal                Tloc           43%        N/A       83%         6
 Summon Cactus Giant      Summ           43%        N/A       83%         6
 Enfeeble                 Hex            43%        N/A       100%        7
 Malign Gateway           Summ/Tloc      43%        N/A       100%        7
 Monstrous Menagerie      Summ           43%        N/A       100%        7
 Summon Hydra             Summ           43%        N/A       100%        7
 Maxwell's Capacitive Co  Air            43%        ∞         100%        8
 Summon Horrible Things   Summ           43%        N/A       100%        8
 Dragon's Call            Summ           43%        N/A       100%        9
 Sublimation of Blood     Necr           Unusable   N/A       N/A         2
 Statue Form              Tmut/Erth      Unusable   N/A       N/A         6

Dungeon Overview and Level Annotations

Branches:
Dungeon (15/15)            Temple (1/1) D:4            Lair (6/6) D:11
  Swamp (4/4) Lair:4       Spider (4/4) Lair:3        Slime (5/5) Lair:6
    Orc (2/2) D:11            Elf (3/3) Orc:2        Vaults (5/5) D:14
  Crypt (3/3) Vaults:3       Tomb (3/3) Crypt:3      Depths (4/4) D:15
   Hell (visited)             Dis (7/7) Hell            Geh (7/7) Hell
    Coc (7/7) Hell            Tar (7/7) Hell            Zot (5/5) Depths:4
Ossuary (visited)          Bailey (visited)           IceCv (visited)
Volcano (visited)

Altars:
Ashenzari
Cheibriados
Dithmenos
Elyvilon
Fedhas
Gozag
Hepliaklqana
Kikubaaqudgha
Makhleb
Nemelex Xobeh
Okawaru
Qazlal
Ru
Sif Muna
Trog
Uskayaw
Vehumet
Wu Jian
Xom
Yredelemnul
Zin
The Shining One
Beogh
Jiyva
Lugonu

Shops:
D:2 =   D:5 =   D:10 *   D:14 (   Orc:2 :*(?   Elf:1 *   Vaults:2 =
Vaults:4 [:   Depths:1 :=:*   Depths:2 :*:*((

Portals:
Hell: Depths:1 Depths:2 Depths:3 Depths:4
Abyss: Lair:6 Depths:3
Pandemonium: Orc:2 Depths:2

Annotations:
Tomb:3 1 exclusion


Innate Abilities, Weirdness & Mutations

You are immune to sickness and miasma.
Your stone body is resilient. (AC +20)
You are immune to poison.
Your large and strong wings let you fly.
You resist negative energy. (rN+)
You are resistant to electric shocks. (rElec)
You are resistant to unholy torment.
You are immune to petrification.
Your flesh is heat resistant. (rF+)
You have an increased reservoir of magic. (+10% MP)
You expend magic power (3 MP) to strengthen your wands.


Message History

The blast of lightning engulfs Timaen!!!
The blast of lightning engulfs the ball lightning.
The ball lightning completely resists.
The blast of lightning engulfs the ball lightning.
The ball lightning completely resists.
The blast of lightning engulfs you. You resist.
* * * LOW HITPOINT WARNING * * *
Oxuvvur Arab gestures.
Oxuvvur Arab seems to speed up. 3 ball lightnings come into view.
Unknown command.
Unknown command.
Unknown command.
Press: ? - help, v - describe, . - travel
Here: Rat Xeco (silenced, moderately wounded, unusually agile, radiating silence, slightly transparent, unaffected by silence)
The floor.
Okay, then.
Okay, then.
Magic scrolls do not work when you're silenced!
Unknown command.
Okay, then.
You feel yourself speed up.
Ujayxihoil gestures.
Saefrexu is engulfed in freezing vapours.
The ball lightning explodes!
The blast of lightning engulfs Timaen!!
Timaen dies!
The blast of lightning engulfs the ball lightning.
The ball lightning completely resists.
The blast of lightning engulfs Soymunet!!
The blast of lightning engulfs Ceagiboy.
Ceagiboy resists.
The blast of lightning engulfs you but does no damage.
The blast of lightning engulfs Gyeselaud.
Gyeselaud resists.
The ball lightning explodes!
The blast of lightning engulfs the ball lightning.
The ball lightning completely resists.
The blast of lightning engulfs you! You resist.
You die...

▓▓▓▓▓▓▓▓▓
........▓▓
.........▓▓
..........▓▓
...........▓▓
............▓▓
...&..*.@....▓▓
.)).*.§&§.....▓▓
.p..&**§§.°°○..▓▓
..p..☼.§§.§&○☼..▓▓
.4.○&&☼&..○☼☼°☼∩.▓
°&.&.○○†...°○☼○.▓▓
.4°°○.○.....☼○°▓▓
.&.....☼...○..▓▓
..§..☼☼○○○§..▓▓


You could see Ceagiboy (clouds, unsilenced, misshapen), Geizoc (unsilenced),
Gyeselaud (clouds), Hair (unsilenced), Luinozou (invisible, clouds, unsilenced),
Oxuvvur Arab (fast, unsilenced), Rat Xeco (agile, silencing, invisible,
unsilenced), Saefrexu (unsilenced), Soymunet (unsilenced), Ujayxihoil
(unsilenced), 2 Killer Klowns, a hellwing (summoned), an ice devil (summoned)
and 4 ball lightnings.

Vanquished Creatures
  Cerebov (Pan)
  Antaeus (Coc:7)
  Asmodeus (Geh:7)
  the Royal Jelly (Slime:5)
  Ereshkigal (Tar:7)
  Gloorx Vloq (Pan)
  Ignacio (Pan)
  the Serpent of Hell (Dis:7)
  Lom Lobon (Pan)
  Mnoleg (Pan)
  12 dread liches
  Khufu (Tomb:3)
  Dispater (Dis:7)
  6 orbs of fire
  Mara (Vaults:2)
  16 ancient liches
  Mennas (Pan)
  The ghost of shugdite the Conqueror, a master MiFi of Okawaru (Zot:4)
  12 juggernauts
  50 royal mummies
  Sojobo (Vaults:5)
  Bai Suzhen (Vaults:5)
  12 Killer Klowns
  3 curse toes
  38 shard shrikes
  Saint Roka (Vaults:2)
  18 pandemonium lords
  Geryon (Hell)
  The ghost of dhn the Hoplite, an adept MiFi (Spider:3)
  34 caustic shrikes
  10 pearl dragons (Zig:22)
  Nikola (Spider:4)
  25 bone dragons
  Arachne (Spider:2)
  27 profane servitors
  27 Brimstone Fiends
  20 golden dragons
  22 Tzitzimimeh
  9 doom hounds
  4 electric golems
  34 iron giants
  Mlioglotl (Spider:2)
  24 hellephants
  Jorgrun (Orc:1)
  10 tentacled monstrosities
  20 liches
  25 Orb Guardians (Zot:5)
  37 Ice Fiends
  49 searing wretches
  45 Hell Sentinels
  9 quicksilver dragons
  8 deep elf blademasters
  35 titans
  6 deep elf master archers
  A walking frostbound tome (Depths:3)
  24 tainted leviathans
  22 Executioners
  39 acid blobs
  38 ancient champions
  Frances (Spider:2)
  10 tengu reavers
  3 tentacled starspawn (Zig:25)
  An eldritch tentacle (Pan)
  19 sphinxes
  8 death cobs
  9 shadow dragons
  Agnes (Spider:3)
  Kirke (Spider:3)
  A shadow dragon (shapeshifter) (Zig:13)
  2 thorn hunters (Zig:12)
  8 daevas (Zig:22)
  14 draconian monks
  21 revenants
  Donald (Spider:2)
  21 rockslimes
  18 draconian knights
  The ghost of emiel the Geomancer, a journeyman OgEE of Ru (Elf:2)
  34 narguns
  12 azure jellies
  2 fenstrider witches (shapeshifter)
  19 vault wardens
  34 nagarajas
  16 storm dragons
  38 fire giants
  2 demonspawn warmongers (Pan)
  A fire giant (shapeshifter) (Zig:24)
  25 ghost moths
  17 draconian scorchers
  11 quicksilver elementals
  A frost giant (shapeshifter) (Zig:5)
  11 emperor scorpions
  9 iron dragons
  19 orc warlords
  6 deep elf sorcerers
  16 cacodemons
  78 balrugs
  9 curse skulls
  A juggernaut zombie (Depths:1)
  9 draconian stormcallers
  4 demonspawn blood saints (Pan)
  10 demonspawn corrupters
  8 shard shrike simulacra
  23 frost giants
  21 draconian shifters
  8 angels (Zig:22)
  A spectral caustic shrike (Tar:4)
  Louise (D:14)
  5 deep elf elementalists
  15 ghouls
  Aizul (Swamp:3)
  18 ironbound preservers
  15 quicksilver oozes
  7 broodmothers
  27 draconian annihilators
  2 caustic shrike skeletons
  A spriggan defender (Depths:3)
  A quicksilver ooze (shapeshifter) (Lair:6)
  46 war gargoyles
  15 reapers
  35 stone giants
  15 ironbound thunderhulks
  38 very ugly things
  7 ophanim (Zig:22)
  24 putrid mouths
  19 vampire knights
  A spectral titan (Tar:6)
  3 juggernaut skeletons
  19 green draconians
  6 apis (Zig:22)
  18 black draconians
  18 bennus
  7 deep elf demonologists
  13 deep elf annihilators
  29 elemental wellsprings
  9 eleionomae
  12 lorocyprocas (Pan)
  11 demonspawn black suns
  29 wendigos
  10 dire elephants
  An eleionoma (shapeshifter) (Zig:9)
  14 red draconians
  14 white draconians
  2 dire elephants (shapeshifter)
  21 entropy weavers
  15 purple draconians
  8 bunyips
  The ghost of Feulaj the Severer, a journeyman MiBe of Trog (Lair:2)
  16 yellow draconians
  5 spark wasps
  14 eidola
  22 iron golems
  12 green deaths
  14 crystal guardians
  A merfolk impaler (Depths:2)
  26 ettins
  27 blizzard demons
  17 deep elf death magi
  2 merfolk javelineers
  A spectral quicksilver dragon (Tar:3)
  2 quicksilver dragon zombies
  7 fire dragons
  59 mummy priests
  Josephine (D:10)
  2 shambling mangroves
  A spectral kraken (Tar:7)
  15 deep elf high priests
  17 yaktaur captains
  The ghost of hurston the Blocker, a journeyman GrFi of Gozag (Lair:1)
  A fire dragon (shapeshifter) (Vaults:5)
  3 spectral spriggans
  3 hell beasts (Pan)
  12 jiangshi
  18 ice dragons
  40 vault guards
  21 hydras
  20 great orbs of eyes
  13 juggernaut simulacra
  43 salamander tyrants
  A peacekeeper (Vaults:1)
  An ice dragon (shapeshifter) (Zig:27)
  3 rakshasas
  16 boulder beetles
  7 caustic shrike simulacra
  2 spriggan skeletons
  10 naga warriors
  A quicksilver dragon skeleton (Depths:1)
  5 spriggan air magi
  10 ironbound frosthearts
  6 anacondas
  3 radroaches (Zig:19)
  3 centaur warriors (D:14)
  Erica (D:8)
  4 ogre magi
  6 catoblepae
  3 demonspawn (Orc:2)
  30 death yaks
  5 death knights
  5 jorogumos
  11 alligators
  A two-headed ogre (Zig:21)
  9 deep troll shamans
  2 ghost crabs
  11 stokers
  21 hell hogs
  3 titan zombies
  24 death scarabs
  10 deep troll earth magi
  19 vampire magi
  11 naga sharpshooters
  53 dancing weapons
  Urug (D:11)
  21 hell knights
  A spectral dire elephant (Tar:5)
  14 tengu warriors
  24 deep elf knights
  24 orc high priests
  6 thrashing horrors
  6 shock serpents
  2 shock serpents (shapeshifter)
  16 crystal echidnas
  41 soul eaters
  2 titan skeletons
  79 sun demons
  2 storm dragon zombies
  18 iron trolls
  9 cherubim (Zig:22)
  5 spriggan berserkers
  A spectral bunyip (Tar:2)
  3 sun moths
  15 shadow wraiths
  8 wretched stars
  An iron troll (shapeshifter) (Zig:9)
  5 golden dragon zombies
  10 goliath frogs
  23 sixfirhies (Pan)
  A goliath frog (shapeshifter) (Zig:13)
  A salamander mystic (Zig:20)
  2 spatial maelstroms (Zig:25)
  3 anaconda zombies
  An orb spider (shapeshifter) (Zig:3)
  8 pharaoh ants
  A spark wasp zombie (Hell)
  A storm dragon skeleton (Crypt:1)
  14 glowing orange brains
  58 skeletal warriors
  A spectral catoblepas (Tar:1)
  A death drake (shapeshifter) (Zig:27)
  2 spectral anacondas
  5 spriggan druids
  22 orb spiders
  9 starcursed masses (Zig:25)
  55 large abominations
  6 quicksilver dragon simulacra
  13 steelbarb worms
  8 shadow demons
  21 ironbound convokers
  12 flayed ghosts
  6 swamp dragons
  56 deep trolls
  15 wizards
  2 bog bodies
  22 phantasmal warriors
  2 sphinx zombies
  8 lindwurms
  3 anaconda skeletons
  4 obsidian statues
  A fenstrider witch simulacrum (Coc:1)
  6 spriggan simulacra
  27 deep elf archers
  3 bunyip skeletons
  4 orange crystal statues
  5 golden dragon skeletons
  A naga ritualist (Zig:26)
  2 tengu zombies
  A harpy (shapeshifter) (D:13)
  84 ugly things
  A jorogumo zombie (Crypt:2)
  2 harpies (Zig:27)
  A shadow dragon zombie (Zig:18)
  18 necromancers
  A mana viper (shapeshifter) (Zig:13)
  47 deep elf pyromancers
  7 mana vipers
  2 frost giant zombies (Hell)
  15 orc knights
  3 stone giant zombies
  4 manticores
  6 draconians (Abyss:3)
  2 spectral ettins
  11 orc sorcerers
  A shining eye (shapeshifter) (Zig:9)
  44 deep elf zephyrmancers
  16 oklob plants (Zig:22)
  5 iron dragon skeletons
  35 moths of wrath
  16 cyclopes
  2 tengu skeletons
  31 wolf spiders
  A will-o-the-wisp (Swamp:3)
  3 salamanders
  9 shining eyes
  2 frost giant skeletons
  2 elephants (shapeshifter)
  24 elephants
  A dire elephant zombie (Crypt:2)
  3 worldbinders (Zig:25)
  26 black mambas
  A sphinx skeleton (Zig:25)
  12 guardian serpents
  14 rust devils
  11 naga magi
  60 smoke demons
  5 molten gargoyles (Volcano)
  22 vault sentinels
  4 eyes of devastation
  12 ice statues
  A torpor snail (shapeshifter) (Zig:13)
  18 orange demons
  10 spectral swamp worms (Tar:7)
  A storm dragon simulacrum (Zig:21)
  2 alligator snapping turtle zombies
  3 titan simulacra
  3 naga skeletons
  7 apocalypse crabs
  14 gargoyles
  22 torpor snails
  2 dire elephant skeletons
  30 demonic crawlers
  19 cane toads
  6 efreet (Pan)
  27 tormentors
  13 rime drakes
  Maggie (D:6)
  40 hellions
  3 bunyip simulacra
  13 ice devils
  7 komodo dragons
  5 tengu conjurers
  10 anaconda simulacra
  3 golden dragon simulacra
  24 yaktaurs
  17 freezing wraiths
  3 spectral harpies
  A hydra zombie (Crypt:3)
  3 red devils
  8 polar bears
  5 ancient zymes
  34 hellwings
  3 iron giant simulacra
  113 guardian mummies
  2 silent spectres
  A bloated husk (Zig:12)
  A sea snake skeleton (Crypt:2)
  3 shadow dragon simulacra
  10 trolls
  2 harpy zombies
  A polar bear (shapeshifter) (Zig:15)
  20 meliai
  37 tarantellas
  9 tyrant leeches
  A hydra skeleton (Crypt:3)
  42 blink frogs
  2 harpy skeletons
  5 raiju (Zig:25)
  10 spriggan zombies
  17 hornets
  A slime creature (shapeshifter) (Zig:13)
  A stone giant simulacrum (Coc:6)
  4 iron dragon simulacra
  A dream sheep (shapeshifter) (Zig:5)
  8 dream sheep
  A raiju (shapeshifter) (Zig:27)
  119 slime creatures
  A snapping turtle (shapeshifter) (Zig:13)
  11 air elementals
  46 jumping spiders
  A jumping spider (shapeshifter) (Zig:13)
  25 culicivoras
  32 ynoxinuls
  75 flying skulls
  2 centaur simulacra
  46 ushabtiu
  A shadow (D:11)
  13 small abominations
  2 ettin skeletons
  A black mamba skeleton (Pan)
  11 dire elephant simulacra
  2 black mamba zombies
  6 fire elementals
  A spectral black mamba (Tar:2)
  48 yaks
  12 spriggans
  16 water elementals
  5 wyverns
  11 wraiths
  An ice dragon skeleton (Pan)
  2 basilisks (shapeshifter)
  9 basilisks
  A fire bat (Pan)
  7 golden eyes
  A human (Spider:3)
  A redback (shapeshifter) (Zig:3)
  A steam dragon (D:7)
  58 redbacks
  8 vampire mosquitoes
  34 chaos spawn
  4 alligator snapping turtle simulacra
  5 swamp worm simulacra (Swamp:4)
  5 wargs (Zig:21)
  29 neqoxecs
  A death yak simulacrum (Lair:3)
  A warg (shapeshifter) (D:14)
  A deep troll zombie (Crypt:3)
  A cane toad zombie (Crypt:1)
  10 swamp worms
  10 nagas
  An acid dragon (D:12)
  13 harpy simulacra
  A water moccasin (shapeshifter) (Depths:3)
  3 floating eyes
  4 hell hounds
  19 water moccasins
  A human skeleton (Zig:9)
  18 hydra simulacra
  A floating eye (shapeshifter) (Depths:1)
  2 ice beasts (Zig:13)
  A sky beast (D:7)
  56 orc warriors
  7 black bears
  A black mamba simulacrum (Lair:3)
  An ice dragon simulacrum (Coc:1)
  10 wolves
  15 ogres
  6 ettin simulacra
  6 necrophages
  9 boggarts
  6 centaurs
  An elephant skeleton (Crypt:2)
  4 elf zombies
  A palentonga zombie (Crypt:2)
  5 kobold brigands
  A komodo dragon zombie (Crypt:2)
  15 bullfrogs
  2 salamander zombies
  10 earth elementals
  4 glowing shapeshifter simulacra
  2 wyvern zombies
  11 gnoll sergeants
  A scorpion (D:5)
  2 cane toad simulacra (Lair:3)
  2 naga simulacra
  A water moccasin zombie (D:3)
  A water moccasin skeleton (D:6)
  11 killer bees
  5 wights (D:7)
  2 electric eels
  4 howler monkeys
  A rime drake simulacrum (Lair:3)
  A lava snake (D:14)
  A wolf skeleton (Crypt:2)
  A crimson imp (D:7)
  5 centaur zombies
  26 orc priests
  2 bullfrog skeletons
  A hound (D:6)
  2 human zombies
  2 jellies (D:6)
  4 centaur skeletons
  8 gnoll shamans (Bailey)
  An iron imp (Abyss:3)
  14 orc wizards
  4 iguanas
  11 hell rats
  4 lightning spires (Zig:19)
  A wolf simulacrum (Lair:3)
  3 killer bee zombies
  A deep dwarf zombie (Crypt:1)
  2 hound zombies
  2 hound skeletons
  160 mummies
  A howler monkey zombie (D:7)
  11 gnolls
  11 adders
  2 shadow imps
  A swamp drake skeleton (Crypt:1)
  4 white imps
  3 swamp drake simulacra (Swamp:4)
  3 ufetubi
  An adder skeleton (D:4)
  An adder zombie (Ossuary)
  2 worms (D:2)
  75 orcs
  8 endoplasms
  5 giant cockroaches
  3 gnoll zombies (Ossuary)
  12 goblins
  7 hobgoblins
  2 jackals (D:5)
  2 quokkas (D:1)
  5 ball pythons
  A ball python (shapeshifter) (Depths:3)
  9 bats
  2 frilled lizards
  A hobgoblin zombie (Ossuary)
  A jackal zombie (Ossuary)
  15 kobolds
  2 kobold zombies (Ossuary)
  An orc skeleton (Crypt:1)
  10 rats
  A rat zombie (Ossuary)
  7 bushes (Elf:3)
  5 creeping infernos
  40 fire vortices
  A lurking horror (Abyss:3)
  3 plants (Zig:10)
  2 starspawn tentacles (Zig:25)
  4 tentacles (Tar:7)
6096 creatures vanquished.

Vanquished Creatures (collateral kills)
  A juggernaut (Zig:17)
  4 royal mummies
  A shard shrike (Coc:7)
  2 golden dragons (Zig:27)
  A Tzitzimitl (Tar:7)
  An iron giant (Zig:10)
  A nagaraja (Zig:26)
  A purple draconian (Zig:18)
  A dire elephant (Zig:8)
  A caustic shrike simulacrum (Coc:1)
  A hell beast (Pan)
  A juggernaut simulacrum (Pan)
  A radroach (Zig:19)
  A spatial maelstrom (Zig:25)
  A flayed ghost (Zig:22)
  A tengu zombie (Zig:9)
  An iron dragon zombie (Zig:18)
  A large abomination (Zig:25)
  A slime creature (Zig:24)
  An eye of devastation (Zig:6)
  An orange demon (Pan)
  A storm dragon simulacrum (Zig:13)
  A torpor snail (Zig:19)
  A guardian mummy (Tomb:3)
  A shadow (Zig:25)
  A ynoxinul (Pan)
  A jumping spider (Zig:19)
  A harpy simulacrum (Coc:5)
  A starcursed mass (Zig:25)
  9 mummies
  2 gnolls (Bailey)
44 creatures vanquished.

Vanquished Creatures (others)
  A pandemonium lord (Zig:24)
  A hellephant (Geh:5)
  A draconian stormcaller (Zig:14)
  A demonspawn blood saint (Pan)
  A white draconian (Zot:3)
  A hell beast (Zig:24)
  A dancing weapon (Crypt:3)
  A shadow wraith (Vaults:5)
  A wolf spider (Spider:4)
  A storm dragon simulacrum (Zig:21)
  8 hellions (Pan)
  A bloated husk (Swamp:2)
  A tyrant leech (Swamp:2)
  A ynoxinul (Pan)
  3 fire bats (Pan)
  3 humans (Spider:3)
  A chaos spawn (Pan)
  2 hounds (Bailey)
  A gnoll (Bailey)
  6 ball lightnings (Zig:24)
  5 bushes
  513 fire vortices
  2 foxfires (Swamp:3)
  33 fungi
  A lurking horror (Abyss:3)
  92 plants
  9 starspawn tentacles (Zig:25)
692 creatures vanquished.

Grand Total: 6832 creatures vanquished

Notes
Turn   | Place    | Note
-------+----------+-------------------------------------------
     0 | D:1      | protoss039 the Gargoyle Earth Elementalist began the quest
                  | for the Orb.
     0 | D:1      | Reached XP level 1. HP: 10/10 MP: 3/3
   252 | D:1      | Reached skill level 1 in Transmutations
   265 | D:1      | Reached XP level 2. HP: 4/15 MP: 0/5
  1163 | D:1      | Found a faded altar of an unknown god.
  1262 | D:1      | Reached XP level 3. HP: 19/19 MP: 6/6
  1672 | D:2      | Learned a level 2 spell: Passwall
  1676 | D:2      | Learned a level 3 spell: Stone Arrow
  1815 | D:2      | Got the Almanac of Flight
  1865 | D:2      | Reached XP level 4. HP: 20/24 MP: 5/8
  2352 | D:2      | Found Yhoid's Jewellery Shop.
  2359 | D:2      | Reached skill level 1 in Fighting
  2359 | D:2      | Reached skill level 1 in Conjurations
  3183 | D:3      | Reached XP level 5. HP: 22/29 MP: 8/10
  3326 | D:3      | Reached skill level 5 in Earth Magic
  3451 | D:3      | Found a hide-covered altar of Uskayaw.
  3883 | D:4      | Found a staircase to the Ecumenical Temple.
  3891 | D:4      | Reached XP level 6. HP: 31/35 MP: 6/11
  3896 | Temple   | Entered the Ecumenical Temple
  4311 | D:4      | Found a sacrificial altar of Ru.
  5129 | D:5      | Entered Level 5 of the Dungeon
  5217 | D:5      | Found a hazy altar of Hepliaklqana.
  5218 | D:5      | Found a shimmering altar of Xom.
  5219 | D:5      | Noticed a spectral ugly thing
  5257 | D:5      | Noticed a black bear
  5263 | D:5      | Killed a black bear
  5264 | D:5      | Reached XP level 7. HP: 27/40 MP: 9/13
  5301 | D:5      | Found a sand-covered staircase.
  5305 | Ossuary  | Entered an ossuary
  5554 | Ossuary  | Reached skill level 5 in Spellcasting
  5857 | D:5      | Found Beumuiph's Jewellery Boutique.
  6089 | D:5      | Got the Almanac of Dislocated Sinister Magic
  6212 | D:5      | Reached XP level 8. HP: 48/48 MP: 7/16
  6398 | D:5      | Found a stormy altar of Qazlal.
  6963 | D:6      | Noticed Maggie
  7035 | D:6      | Found a blossoming altar of Fedhas.
  7690 | D:6      | Found an opulent altar of Gozag.
  7706 | D:6      | Killed Maggie
  7707 | D:6      | Reached skill level 5 in Fighting
  7707 | D:6      | Reached skill level 5 in Conjurations
  7707 | D:6      | Reached XP level 9. HP: 54/54 MP: 6/19
  7999 | D:7      | Reached skill level 1 in Armour
  7999 | D:7      | Reached skill level 1 in Shields
  8106 | D:7      | Found a flagged portal.
  8134 | Bailey   | Entered a bailey
  8472 | Bailey   | Learned a level 3 spell: Swiftness
  8475 | Bailey   | Learned a level 2 spell: Static Discharge
  8805 | Bailey   | Reached XP level 10. HP: 21/60 MP: 2/22
  9299 | D:7      | Learned a level 5 spell: Freezing Cloud
  9562 | D:2      | Bought the amulet of the Four Winds {rN+ Will+++ Clar} for
                  | 570 gold pieces
  9562 | D:2      | Found the amulet of the Four Winds {rN+ Will+++ Clar}
  9915 | D:7      | Identified the +1 pair of boots "Laavec" {rC+}
 10555 | D:7      | Found a glowing golden altar of the Shining One.
 10557 | D:7      | Found a radiant altar of Vehumet.
 10564 | D:7      | Became a worshipper of Vehumet
 10650 | D:8      | Noticed Erica
 10657 | D:8      | Killed Erica
 10918 | D:8      | Found a shadowy altar of Dithmenos.
 11043 | D:8      | Found a broken altar of Ashenzari.
 11460 | D:8      | Reached skill level 1 in Ice Magic
 12051 | D:9      | Reached * piety under Vehumet
 12051 | D:9      | Offered knowledge of Freeze by Vehumet.
 12062 | D:9      | Reached XP level 11. HP: 54/67 MP: 3/24
 12218 | D:9      | You fall into a shaft and drop 1 floor!
 12218 | D:10     | Entered Level 10 of the Dungeon
 12543 | D:9      | Noticed a deep elf zephyrmancer
 12548 | D:9      | Killed a deep elf zephyrmancer
 13084 | D:10     | Found Nuef's General Store.
 13339 | D:10     | Noticed a boulder beetle
 13384 | D:10     | Got the Almanac of the Firefly
 13760 | D:11     | Noticed Josephine
 13780 | D:10     | Killed Josephine
 13974 | D:11     | Noticed a cyclops
 14013 | D:11     | Noticed a death yak
 14043 | D:11     | Reached skill level 5 in Shields
 14206 | D:10     | Reached skill level 5 in Armour
 14343 | D:11     | Found a hide-covered altar of Uskayaw.
 14360 | D:11     | Identified the +7 flail of Bodily Humours {freeze, Fragile
                  | rN++}
 14741 | D:11     | Found a staircase to the Orcish Mines.
 14794 | D:11     | Reached ** piety under Vehumet
 14815 | D:11     | Offered knowledge of Foxfire by Vehumet.
 14817 | D:11     | Reached skill level 10 in Spellcasting
 14935 | D:11     | Noticed a death yak
 14958 | D:11     | Killed a death yak
 15082 | D:11     | Killed a cyclops
 15083 | D:11     | Reached XP level 12. HP: 73/73 MP: 13/26
 15172 | D:11     | Found a staircase to the Lair.
 15173 | D:11     | Noticed a death yak
 15173 | D:11     | Noticed Urug
 15182 | D:11     | Noticed a death yak
 15208 | D:11     | Killed a death yak
 15305 | D:11     | Noticed a death yak
 15345 | D:10     | Killed a death yak
 15600 | D:11     | Killed Urug
 15853 | D:11     | Killed a death yak
 15876 | D:11     | Killed a death yak
 17104 | D:11     | Learned a level 6 spell: Iron Shot
 17116 | D:12     | Noticed a boulder beetle
 17129 | D:12     | Killed a boulder beetle
 17138 | D:12     | Found a flickering gateway to a bazaar.
 17144 | Bazaar   | Entered a bazaar
 17162 | Bazaar   | Found Dostoaso's Assorted Antiques.
 17178 | Bazaar   | Found Bocs's Armour Shoppe.
 17178 | Bazaar   | Found Jebbypa's Antique Weapon Emporium.
 17199 | Bazaar   | Found Cugidgh's Distillery.
 17276 | Bazaar   | Bought a slimy hand axe for 208 gold pieces
 17276 | Bazaar   | Identified the +9 hand axe "Menlol" {drain, Str+4 Dex+4
                  | Stlth-} (You bought it in a shop in a bazaar)
 17296 | Bazaar   | Bought a potion of magic for 80 gold pieces
 17296 | Bazaar   | Bought a potion of mutation for 80 gold pieces
 17594 | D:12     | Noticed a seven-headed hydra
 17599 | D:12     | Killed a seven-headed hydra
 18224 | D:12     | Identified a scroll of acquirement
 18225 | D:12     | Acquired 498 gold pieces
 18228 | D:13     | Noticed a tengu warrior
 18231 | D:13     | Killed a tengu warrior
 18232 | D:13     | Reached skill level 10 in Earth Magic
 18232 | D:13     | Reached XP level 13. HP: 80/80 MP: 18/29
 18235 | D:13     | Reached skill level 10 in Conjurations
 19797 | D:13     | Offered knowledge of Frozen Ramparts by Vehumet.
 20509 | D:14     | Noticed Louise
 21047 | D:14     | Reached *** piety under Vehumet
 21664 | D:14     | Killed Louise
 22280 | D:14     | Noticed a vault guard
 22289 | D:14     | Killed a vault guard
 22397 | D:14     | Noticed a vault guard
 22626 | D:14     | Killed a vault guard
 22784 | D:13     | Gained mutation: Your large and strong wings let you fly.
                  | [Gargoyle growth]
 22784 | D:13     | Reached XP level 14. HP: 60/87 MP: 3/31
 23160 | D:14     | Reached skill level 10 in Fighting
 24089 | D:14     | Offered knowledge of Conjure Flame by Vehumet.
 24121 | D:14     | Found a gate to the Vaults.
 24336 | D:14     | Found Vedaczonk's Weapon Boutique.
 24438 | D:15     | Entered Level 15 of the Dungeon
 24599 | D:15     | HP: 2/88 [tengu warrior/arrow[a boggart] (15)]
 25779 | Lair:1   | Entered Level 1 of the Lair of Beasts
 25967 | Lair:1   | Identified the +5 flail "Jumam" {venom, Drain rElec MP+9}
 26092 | Lair:1   | Reached **** piety under Vehumet
 26257 | Lair:1   | Found a runed translucent gate.
 26259 | Lair:1   | Found a runed translucent gate.
 26260 | Lair:1   | Noticed hurston's ghost (journeyman GrFi)
 26262 | Lair:1   | Found a runed translucent gate.
 26287 | Lair:1   | Offered knowledge of Lee's Rapid Deconstruction by Vehumet.
 26996 | Lair:1   | Killed hurston's ghost
 26997 | Lair:1   | Reached XP level 15. HP: 81/93 MP: 0/33
 27010 | Lair:1   | Identified the +10 broad axe of Dithmenos's Esteem {flame,
                  | rPois rF+ SInv}
 27165 | Lair:1   | Learned a level 5 spell: Irradiate
 28032 | Lair:2   | Reached ***** piety under Vehumet
 28203 | Lair:2   | Offered knowledge of Iskenderun's Mystic Blast by Vehumet.
 29536 | Lair:3   | Found a runed translucent gate.
 29536 | Lair:3   | Found a runed translucent gate.
 29536 | Lair:3   | Found a runed translucent gate.
 29659 | Lair:3   | Found a hole to the Spider Nest.
 29835 | Lair:3   | Noticed Feulaj's ghost (journeyman MiBe)
 30276 | Lair:2   | Killed Feulaj's ghost
 30633 | Lair:3   | Got the ring "Siehim" {Fire *Slow rElec Str+2 Int+8}
 30919 | Lair:4   | Found a frozen archway.
 31024 | IceCv    | Entered an ice cave
 31719 | IceCv    | Noticed a frost giant
 31730 | IceCv    | Killed a frost giant
 32026 | IceCv    | Got the Almanac of the Glacier
 32107 | IceCv    | Offered knowledge of Orb of Destruction by Vehumet.
 32649 | Lair:4   | Found a staircase to the Swamp.
 33667 | Lair:5   | Reached XP level 16. HP: 100/100 MP: 28/34
 34020 | Lair:5   | Reached skill level 15 in Spellcasting
 34020 | Lair:5   | Reached skill level 15 in Earth Magic
 34299 | Lair:5   | You are sucked into a shaft and drop 1 floor!
 34299 | Lair:6   | Entered Level 6 of the Lair of Beasts
 35396 | Lair:6   | Reached skill level 10 in Shields
 35871 | Lair:6   | Reached skill level 10 in Armour
 36137 | Lair:6   | Offered knowledge of Fireball by Vehumet.
 36419 | Lair:6   | Found a runed translucent door.
 36419 | Lair:6   | Found a viscous altar of Jiyva.
 36420 | Lair:6   | Found a staircase to the Slime Pits.
 37281 | Lair:6   | Offered knowledge of Iskenderun's Battlesphere by Vehumet.
 38063 | Lair:6   | Found a corrupted altar of Lugonu.
 38063 | Lair:6   | Found a one-way gate to the infinite horrors of the Abyss.
 38268 | Orc:1    | Entered Level 1 of the Orcish Mines
 38373 | Orc:1    | Noticed Jorgrun
 38379 | Orc:1    | Killed Jorgrun
 38841 | Orc:1    | Reached XP level 17. HP: 108/108 MP: 19/37
 39287 | Orc:2    | Entered Level 2 of the Orcish Mines
 39287 | Orc:2    | Found a staircase to the Elven Halls.
 39413 | Orc:2    | Found a dark tunnel.
 39445 | Volcano  | Entered a volcano
 39777 | Volcano  | Noticed an orb of fire
 39826 | Volcano  | Noticed an orb of fire
 40777 | Orc:2    | Found Gabosa's General Store.
 40779 | Orc:2    | Found Sutuptag's Magic Scroll Shoppe.
 41118 | Orc:2    | Bought a potion of heal wounds for 70 gold pieces
 41118 | Orc:2    | Bought a scroll of fog for 28 gold pieces
 41122 | Orc:2    | Bought a scroll of enchant armour for 97 gold pieces
 41122 | Orc:2    | Bought a scroll of fog for 26 gold pieces
 41122 | Orc:2    | Bought a scroll of fear for 45 gold pieces
 41122 | Orc:2    | Bought a scroll of fog for 26 gold pieces
 41122 | Orc:2    | Bought a scroll of fog for 26 gold pieces
 41122 | Orc:2    | Bought a scroll of amnesia for 45 gold pieces
 41269 | Orc:2    | Offered knowledge of Ozocubu's Refrigeration by Vehumet.
 42504 | Orc:2    | Found Sakiot's Book Boutique.
 42504 | Orc:2    | Found Ymueki Jado's Antique Weapon Shop.
 42549 | Orc:2    | Found a one-way gate leading to the halls of Pandemonium.
 42553 | Orc:2    | Bought a masterwork falchion for 248 gold pieces
 42553 | Orc:2    | Identified the +4 falchion "Oklonog" {vorpal, rC+ Str+2}
                  | (You bought it in a shop on level 2 of the Orcish Mines)
 42936 | Spider:1 | Entered Level 1 of the Spider Nest
 43111 | Spider:1 | Identified the +3 mace "Cos Rik" {holy, rCorr Dex+2}
 43116 | Spider:1 | Identified the +6 flail of Precise Incision {flame, +Blink
                  | rPois}
 45656 | Spider:2 | Offered knowledge of Yara's Violent Unravelling by Vehumet.
 45809 | Spider:2 | Noticed Frances
 45816 | Spider:2 | Killed Frances
 46060 | Spider:2 | Noticed Mlioglotl
 46063 | Spider:2 | Noticed Arachne
 46420 | Spider:1 | Learned a level 8 spell: Lehudib's Crystal Spear
 46822 | Spider:2 | Noticed Donald
 46840 | Spider:2 | Killed Donald
 47532 | Spider:2 | Reached XP level 18. HP: 112/116 MP: 29/39
 48654 | Spider:2 | Killed Mlioglotl
 49672 | Spider:2 | Killed Arachne
 50347 | Spider:3 | Offered knowledge of Starburst by Vehumet.
 50382 | Spider:2 | Learned a level 6 spell: Starburst
 50982 | Spider:3 | Noticed Agnes
 50994 | Spider:3 | Noticed Kirke
 51560 | Spider:3 | Killed Kirke
 51561 | Spider:3 | Reached skill level 1 in Fire Magic
 51807 | Spider:3 | Found a large runed translucent door.
 51807 | Spider:3 | Found a large runed translucent door.
 51808 | Spider:3 | Noticed dhn's ghost (adept MiFi)
 51900 | Spider:3 | Killed Agnes
 52182 | Spider:4 | Entered Level 4 of the Spider Nest
 54851 | Spider:3 | Reached ****** piety under Vehumet
 55267 | Spider:4 | Found the -2 hat of the Alchemist {rElec rPois rF+ rC+ rN+
                  | Will+ rMut rCorr}
 55272 | Spider:4 | Noticed Nikola
 55297 | Spider:4 | Got a gossamer rune of Zot
 55589 | Swamp:1  | Entered Level 1 of the Swamp
 55726 | Swamp:1  | Reached XP level 19. HP: 123/123 MP: 40/40
 56181 | Swamp:1  | Offered knowledge of Fire Storm by Vehumet.
 56181 | Swamp:1  | Offered knowledge of Chain Lightning by Vehumet.
 56181 | Swamp:1  | Offered knowledge of Polar Vortex by Vehumet.
 56275 | Swamp:1  | Identified the +6 trident of Buciaclu {drain, rElec Int+5}
 56947 | Swamp:2  | Reached skill level 15 in Fighting
 57531 | Swamp:2  | Identified the +0 pair of boots "Gikilleo" {+Blink Fly}
 58275 | Swamp:3  | Noticed Aizul
 58279 | Swamp:3  | Killed Aizul
 58397 | Swamp:3  | Reached skill level 5 in Fire Magic
 58783 | Swamp:4  | Entered Level 4 of the Swamp
 59014 | Swamp:4  | Identified the +6 great sword "Ticypigi" {spect, Will+
                  | Stlth+}
 59044 | Swamp:4  | Identified the +2 robe of the Earth {rCorr Str+4 SInv}
 60112 | Swamp:4  | Got a decaying rune of Zot
 60360 | Swamp:4  | Learned a level 9 spell: Fire Storm
 60540 | Elf:1    | Entered Level 1 of the Elven Halls
 61335 | Elf:1    | Reached XP level 20. HP: 58/130 MP: 25/42
 62518 | Elf:1    | Got Xaelehen's Guide on Stolen Souls
 62603 | Elf:1    | Found Xunwas's Assorted Antiques.
 62611 | Elf:1    | Bought a potion of brilliance for 128 gold pieces
 62611 | Elf:1    | Bought a scroll of teleportation for 96 gold pieces
 62611 | Elf:1    | Bought a scroll of magic mapping for 112 gold pieces
 62611 | Elf:1    | Bought a scroll of fog for 64 gold pieces
 63540 | Elf:2    | Found a runed translucent gate.
 63540 | Elf:2    | Found a runed translucent gate.
 63541 | Elf:2    | Found a runed translucent gate.
 63625 | Elf:2    | Found a runed translucent door.
 63625 | Elf:2    | Found a shimmering altar of Xom.
 63625 | Elf:2    | Noticed emiel's ghost (journeyman OgEE)
 63625 | Elf:2    | Found the +6 lightning scales {swift, rElec}
 63740 | Elf:2    | Killed emiel's ghost
 64747 | Elf:2    | Reached skill level 15 in Armour
 65007 | Elf:3    | Entered Level 3 of the Elven Halls
 65147 | Elf:3    | Reached skill level 15 in Shields
 66731 | Elf:3    | Identified the +3 spear "Tounlele" {antimagic, rCorr Str+3
                  | Dex-3}
 66994 | Elf:3    | Identified the +6 morningstar of Uppuocus {venom, rC+
                  | Int+2}
 66994 | Elf:3    | Identified the ring of Faxaxt {Wiz rN+}
 67010 | Elf:3    | Reached XP level 21. HP: 132/137 MP: 24/43
 67229 | Elf:3    | Learned a level 9 spell: Polar Vortex
 67271 | Elf:3    | Identified the +7 battleaxe of Soxidogh {elec, Will+ rCorr
                  | Int-2}
 67271 | Elf:3    | Identified the ring "Xameb" {Fire Will- Str+4 Int+7}
 67616 | Elf:3    | Identified the +9 dagger of Valour {freeze, rPois Dex+3}
 67833 | Elf:3    | Got Estruila's Almanac of the Traveller and Feathers
 68095 | Elf:3    | Identified the +1 pair of boots of Indomitability {rC-
                  | rCorr Dex+4}
 68336 | Vaults:1 | Entered Level 1 of the Vaults
 69713 | Vaults:1 | Found a transporter.
 69721 | Vaults:1 | You are sucked into a shaft and drop 1 floor!
 70928 | Vaults:2 | Found Wennem's Jewellery Shop.
 71201 | Vaults:2 | Noticed Saint Roka
 71210 | Vaults:2 | Killed Saint Roka
 72894 | Vaults:2 | Noticed Mara
 72913 | Vaults:2 | Noticed protoss039's illusion
 72915 | Vaults:2 | Killed Mara
 72916 | Vaults:2 | Reached XP level 22. HP: 41/147 MP: 13/45
 74017 | Vaults:1 | Found a transporter.
 74452 | Vaults:1 | Reached skill level 15 in Conjurations
 75575 | Vaults:3 | Identified the +3 halberd "Xana Iture" {freeze, rElec rC+}
 76609 | Vaults:3 | Found a staircase to the Crypt.
 77902 | Vaults:4 | Found Jawuo's Antique Armour Emporium.
 77903 | Vaults:4 | Found Fuixtios's Book Shoppe.
 77917 | Vaults:4 | Bought the Unrestrained Analects for 968 gold pieces
 79054 | Vaults:4 | Learned a level 8 spell: Ignition
 79407 | D:15     | Found a staircase to the Depths.
 79489 | Depths:1 | Entered Level 1 of the Depths
 79780 | Depths:1 | Found Yjoar's Assorted Antiques.
 79787 | Depths:1 | Bought 3 scrolls of teleportation for 333 gold pieces
 79798 | Depths:1 | Reached XP level 23. HP: 152/152 MP: 38/48
 79989 | Depths:1 | Found a gateway to Hell.
 80064 | Depths:1 | Found a white marble altar of Elyvilon.
 80135 | Depths:1 | Reached skill level 10 in Fire Magic
 80834 | Depths:1 | Found a sparkling altar of Nemelex Xobeh.
 81152 | Depths:1 | Found Maxir's Book Emporium.
 81153 | Depths:1 | Found Rewk's Jewellery Shop.
 81154 | Depths:1 | Found Iheyfrisk's Book Emporium.
 81910 | Depths:1 | Got the Tome of Black Arts
 84262 | Depths:2 | Noticed an ancient lich
 84265 | Depths:2 | Killed an ancient lich
 84632 | Depths:2 | Found Suila's Book Boutique.
 84763 | Depths:2 | Found Feteah's Assorted Antiques.
 84764 | Depths:2 | Found Epew's Antique Weapon Emporium.
 84764 | Depths:2 | Found Qapapp's Antique Weapon Shoppe.
 84765 | Depths:2 | Found Jowoohant's General Store.
 84765 | Depths:2 | Found Metwakly's Book Boutique.
 84769 | Depths:2 | Bought an encrusted broad axe for 225 gold pieces
 84769 | Depths:2 | Identified the +7 broad axe of the Pit {spect, Str+4 Int+3
                  | Stlth-} (You bought it in a shop on level 2 of the Depths)
 84773 | Depths:2 | Bought a scroll of blinking for 127 gold pieces
 84847 | Depths:2 | Bought Great Wizards, Vol. II for 722 gold pieces
 84849 | Depths:2 | Bought a scroll of teleportation for 93 gold pieces
 84849 | Depths:2 | Bought a scroll of blinking for 232 gold pieces
 84849 | Depths:2 | Bought a scroll of teleportation for 93 gold pieces
 85188 | Depths:2 | Found a portal to a secret trove of treasure.
 85321 | Depths:2 | Learned a level 5 spell: Borgnjor's Vile Clutch
 85656 | Spider:3 | Killed dhn's ghost
 85781 | Spider:4 | Killed Nikola
 86142 | Vaults:1 | Learned a level 9 spell: Shatter
 86151 | Vaults:1 | Reached skill level 1 in Necromancy
 86221 | Vaults:2 | Identified the +7 arbalest "Newtslayer" {freeze, rPois
                  | Int+2 Dex+6}
 86295 | Crypt:1  | Entered Level 1 of the Crypt
 86540 | Crypt:1  | Reached XP level 24. HP: 128/157 MP: 37/48
 87980 | Crypt:1  | Identified the +0 ring mail of Leaves {rF++ MP+9}
 89630 | Crypt:2  | Reached skill level 5 in Transmutations
 89733 | Crypt:3  | Entered Level 3 of the Crypt
 90558 | Crypt:3  | Reached skill level 5 in Necromancy
 91263 | Crypt:3  | Found a basalt altar of Yredelemnul.
 91266 | Crypt:3  | Noticed an ancient lich
 91273 | Crypt:3  | Killed an ancient lich
 91526 | Crypt:3  | Identified the ring of Fragile Peace {*Slow rN+ Int+3 Dex+5
                  | Stlth+}
 91571 | Crypt:3  | Identified the ring of Miracles {rElec rC- rN+ Str+3}
 91571 | Crypt:3  | Identified the ring of Eternal Night {Fly rC++ rN+ rCorr
                  | Str-2}
 91780 | Crypt:3  | Reached XP level 25. HP: 164/164 MP: 42/49
 91834 | Crypt:3  | Found a staircase to the Tomb.
 92055 | Crypt:3  | Got Asmahuxt's Almanac of Black Rituals
 92467 | Vaults:5 | Entered Level 5 of the Vaults
 92577 | Vaults:5 | Reached skill level 15 in Fire Magic
 92580 | Vaults:5 | Noticed Bai Suzhen
 92967 | Vaults:5 | Noticed a dread lich
 92969 | Vaults:5 | Killed Bai Suzhen
 92969 | Vaults:5 | Killed a dread lich
 92969 | Vaults:5 | Noticed Sojobo
 92975 | Vaults:5 | Killed Sojobo
 93302 | Vaults:5 | Found the +8 longbow "Zephyr" {speed, Dex+3 SInv}
 93307 | Vaults:5 | Got the Catalogue of the Oath and Weightlessness
 93315 | Vaults:5 | Identified the ring of Day {MP+9 Int+5}
 93685 | Vaults:5 | Identified the ring "Xiostucw" {rElec rN+ Str+6}
 94066 | Vaults:5 | Got a silver rune of Zot
 94203 | Vaults:5 | Identified the +9 spear of Mutilation {venom, rPois Will++
                  | rCorr Stlth-}
 94563 | Depths:3 | Reached XP level 26. HP: 176/176 MP: 49/49
 95076 | Depths:3 | Found a one-way gateway to a ziggurat.
 96329 | Depths:4 | Entered Level 4 of the Depths
 98124 | Depths:4 | Found a gate to the Realm of Zot.
 98249 | Hell     | Entered the Vestibule of Hell
 98249 | Hell     | Noticed Geryon
 98255 | Hell     | Killed Geryon
 98542 | Hell     | Found a gateway to the freezing wastes of Cocytus.
 98633 | Hell     | Found a gateway to the ashen valley of Gehenna.
 98679 | Hell     | Found a gateway to the decaying netherworld of Tartarus.
 98815 | Hell     | Found a gateway to the Iron City of Dis.
 98983 | Depths:2 | You paid a toll of a +7 demon trident to enter a treasure
                  | trove
 98984 | Trove    | Entered a treasure trove
 98991 | Trove    | Identified the +7 shortbow "Cuetoph" {venom, Int+2}
 98993 | Trove    | Identified the +8 dagger of Fimbulwinter {vorpal, rF+
                  | Will+}
 98996 | Trove    | Identified the +7 hand crossbow of Diet Blood {elec, rElec
                  | Int+2 Stlth-}
 99000 | Trove    | Identified the +6 hand axe of the Screaming Vulture {flame,
                  | rC+ Str+2 Int+3}
 99009 | Trove    | Identified the +3 hunting sling of Growth {flame, Str+4
                  | Int+3 Dex-5 Stlth+}
 99083 | Zot:1    | Entered Level 1 of the Realm of Zot
 99200 | Zot:1    | Reached XP level 27. HP: 184/184 MP: 33/50
 99360 | Zot:1    | You are sucked into a shaft and drop 1 floor!
 99990 | Zot:2    | Noticed an orb of fire
 99995 | Zot:2    | Killed an orb of fire
101513 | Zot:1    | Acquired 541 gold pieces
101603 | Zot:3    | Identified the +1 plate armour "Rullosex" {Harm rF+ Will+
                  | Stlth+}
102104 | Zot:3    | Identified the +11 scythe of Bicruqaw {flame, Int+6}
102323 | Zot:3    | Noticed an orb of fire
102643 | Zot:3    | Identified the +10 mace "Qanuodan" {flame, *Corrode rElec
                  | rN+ Will+}
102685 | Zot:3    | Killed an orb of fire
104356 | Zot:4    | Found a runed translucent gate.
104356 | Zot:4    | Found a runed translucent gate.
104357 | Zot:4    | Found a runed translucent gate.
104357 | Zot:4    | Noticed shugdite's ghost (master MiFi)
104664 | Zot:4    | Killed shugdite's ghost
104865 | Zot:4    | Identified the +0 pair of gloves "Doankauf" {Will++ Str+7}
104924 | Zot:5    | Entered Level 5 of the Realm of Zot
105884 | Zot:5    | Noticed an ancient lich
105887 | Zot:5    | Killed an ancient lich
106084 | Zot:5    | Noticed an ancient lich
106099 | Zot:5    | Noticed an ancient lich
106125 | Zot:5    | Killed an ancient lich
106258 | Zot:5    | Killed an ancient lich
106371 | Zot:5    | Noticed an orb of fire
106415 | Zot:5    | Noticed an orb of fire
106503 | Zot:5    | Noticed a dread lich
106562 | Zot:5    | Killed a dread lich
106565 | Zot:5    | Killed an orb of fire
106568 | Zot:5    | Gained mutation: You are clumsy. (Dex -2) [an orb of fire]
106569 | Zot:5    | Killed an orb of fire
106737 | Zot:5    | Noticed an ancient lich
106739 | Zot:5    | Killed an ancient lich
106910 | Zot:5    | Noticed an orb of fire
106916 | Zot:5    | Killed an orb of fire
107059 | Zot:5    | Noticed an ancient lich
107256 | Zot:5    | Noticed an orb of fire
108108 | Zot:5    | Noticed a dread lich
108113 | Zot:5    | Killed a dread lich
108116 | Zot:5    | Killed an orb of fire
108277 | Zot:5    | Killed an ancient lich
108634 | Zot:5    | Learned a level 8 spell: Necromutation
108844 | Coc:1    | Entered Level 1 of Cocytus
110694 | Coc:5    | Paralysed by a wendigo for 1 turns
111683 | Coc:7    | Entered Level 7 of Cocytus
112030 | Coc:7    | Paralysed by a wendigo for 1 turns
112291 | Coc:7    | HP: 3/166 [shard shrike/shard of ice (33)]
113824 | Coc:7    | Reached skill level 10 in Transmutations
113829 | Coc:7    | Paralysed by a wendigo for 1 turns
113899 | Coc:7    | Identified the ring of Ignis's Displeasure {rF+ AC+4 Dex+3}
113899 | Coc:7    | Noticed Antaeus
114490 | Coc:7    | Killed Antaeus
114556 | Coc:7    | Identified the +1 chain mail of Peek-a-Boo {Dex+2}
114579 | Coc:7    | Identified the ring "Horuant" {Contam rC+++ Dex+6 Slay+2
                  | Stlth+}
114587 | Coc:7    | Got an icy rune of Zot
114616 | Coc:7    | Identified the ring of Maacuach {Wiz Str+4 SInv}
114639 | Coc:7    | Identified the ring "Jatem" {Wiz Int+3}
114665 | Coc:7    | Identified the +1 leather armour of Grot {rC+ rCorr Int+4}
114809 | Dis:1    | Entered Level 1 of the Iron City of Dis
114812 | Dis:1    | Noticed a dread lich
114816 | Dis:1    | Killed a dread lich
115199 | Dis:2    | You are sucked into a shaft and drop 2 floors!
115264 | Dis:4    | Reached skill level 10 in Necromancy
115711 | Dis:2    | Lost dexterity.
116254 | Dis:5    | Noticed an ancient lich
116254 | Dis:5    | Noticed a royal mummy
116255 | Dis:5    | Killed an ancient lich
116257 | Dis:5    | Killed a royal mummy
116258 | Dis:5    | HP: 3/190 [hellion/damnation (41)]
116825 | Zig:1    | Entered Level 1 of a ziggurat
116885 | Zig:2    | Entered Level 2 of a ziggurat
116927 | Zig:3    | Entered Level 3 of a ziggurat
117009 | Zig:4    | Entered Level 4 of a ziggurat
117077 | Zig:5    | Entered Level 5 of a ziggurat
117100 | Zig:5    | Identified the +1 plate armour "Kubeax" {Will+ Slay+2}
117140 | Zig:6    | Entered Level 6 of a ziggurat
117182 | Zig:7    | Entered Level 7 of a ziggurat
117221 | Zig:7    | Identified the +4 triple sword of Intuition {flame,
                  | *Corrode Fragile rElec Dex+9}
117237 | Zig:8    | Entered Level 8 of a ziggurat
117276 | Zig:8    | Identified the +5 longbow of the Lettuce {venom, rElec
                  | Int+3 Dex+3}
117281 | Zig:9    | Entered Level 9 of a ziggurat
117295 | Zig:9    | Reached skill level 15 in Transmutations
117328 | Zig:9    | Got the Handbook of Hexes and Darkness
117425 | Zig:10   | Entered Level 10 of a ziggurat
117524 | Zig:11   | Entered Level 11 of a ziggurat
117588 | Zig:12   | Entered Level 12 of a ziggurat
117604 | Zig:12   | Reached skill level 15 in Necromancy
117619 | Zig:12   | Identified the ring "Hekhlisch" {Fire Will- Str+3 Dex+4}
117628 | Zig:12   | Identified the +6 dagger of War {vorpal, rF++ rC- Stlth+}
117629 | Zig:12   | Identified the +7 morningstar of the Middle {antimagic,
                  | Drain Int+3}
117635 | Zig:12   | Identified the +0 plate armour of the Gloaming {rN+ Str-2
                  | Slay+3}
117678 | Zig:13   | Entered Level 13 of a ziggurat
117744 | Zig:13   | Identified the ring of Badoceda {Fire rN+}
117749 | Zig:13   | Identified the +8 hunting sling "Wowy" {freeze, +Blink rN+}
117751 | Zig:13   | Identified the +1 helmet "Ypse" {Harm rN+ Dex+6}
117763 | Zig:13   | Identified the +5 shortbow of Qomownun {vorpal, *Corrode
                  | rF+ rC+}
117775 | Zig:13   | Acquired 790 gold pieces
117777 | Zig:13   | Acquired 762 gold pieces
117856 | Zig:14   | Entered Level 14 of a ziggurat
117894 | Zig:14   | Identified the amulet "Qiff" {Acrobat Int+4}
117896 | Zig:14   | Identified the +0 broad axe of the Realm of Zot {chaos,
                  | Str+4}
117899 | Zig:14   | Identified the +2 robe "Izynaemp" {+Blink Str+3 Stlth+}
117900 | Zig:14   | Identified the +1 scale mail of Wu Jian's Generosity {rPois
                  | Str+9 Int-2}
118036 | Zig:15   | Entered Level 15 of a ziggurat
118068 | Zig:15   | Identified the +11 quarterstaff "Gargoyle's Regret" {flame,
                  | rN+}
118070 | Zig:15   | Identified the +1 dire flail of Eternal Vigilance {flame,
                  | rPois Str-4 Int-2 Dex+7}
118083 | Zig:15   | Identified the +2 leather armour of Utelud {rElec}
118090 | Zig:15   | Identified the +2 pair of boots of the Equator {-Tele Will-
                  | Str+3 Int+7}
118137 | Zig:16   | Entered Level 16 of a ziggurat
118145 | Zig:16   | Noticed a royal mummy
118148 | Zig:16   | Noticed a royal mummy
118148 | Zig:16   | Noticed a royal mummy
118149 | Zig:16   | Killed a royal mummy
118149 | Zig:16   | Noticed a royal mummy
118150 | Zig:16   | Noticed a royal mummy
118151 | Zig:16   | Killed a royal mummy
118152 | Zig:16   | Killed a royal mummy
118153 | Zig:16   | Killed a royal mummy
118153 | Zig:16   | Killed a royal mummy
118183 | Zig:16   | Got the Volume of Cold and Orientation
118191 | Zig:16   | Identified the +7 long sword of Governance {flame, rElec
                  | rF- Int+3}
118192 | Zig:16   | Identified the +7 dagger of Acisoo {drain, rF- rC+ Dex+6}
118197 | Zig:16   | Got Foshriabb's Incunabulum of Existentialism
118207 | Zig:17   | Entered Level 17 of a ziggurat
118214 | Zig:17   | Noticed a juggernaut
118214 | Zig:17   | Noticed a juggernaut
118218 | Zig:17   | Killed a juggernaut
118218 | Zig:17   | Noticed a juggernaut
118221 | Zig:17   | Killed a juggernaut
118222 | Zig:17   | Killed a juggernaut
118367 | Zig:18   | Entered Level 18 of a ziggurat
118460 | Zig:18   | Identified the +7 great sword "Borrot" {vorpal, Will+ rCorr
                  | Str+2 Int-3}
118574 | Zig:19   | Entered Level 19 of a ziggurat
118589 | Zig:19   | Reached skill level 5 in Dodging
118611 | Zig:19   | Found the +10 zealot's sword {holy, *Rage rN+ EV+3}
118660 | Zig:20   | Entered Level 20 of a ziggurat
118672 | Zig:20   | Noticed an ancient lich
118673 | Zig:20   | Noticed an ancient lich
118674 | Zig:20   | Noticed an ancient lich
118675 | Zig:20   | Killed an ancient lich
118675 | Zig:20   | Killed an ancient lich
118677 | Zig:20   | Killed an ancient lich
118679 | Zig:20   | Reached skill level 27 in Fighting
118687 | Zig:20   | Noticed a dread lich
118688 | Zig:20   | Killed a dread lich
118699 | Zig:20   | Found the amulet of Vitality {Regen+ HP+15}
118699 | Zig:20   | Found the +2 hood of the Assassin {Detection Stab+ Stlth++}
118789 | Zig:21   | Entered Level 21 of a ziggurat
118809 | Zig:21   | Reached skill level 10 in Dodging
118811 | Zig:21   | Paralysed by a wendigo for 1 turns
118870 | Zig:21   | Identified the +9 falchion of Springtime {speed, rElec
                  | Str+3}
118887 | Zig:21   | Identified the +6 short sword of Courage {speed, rF+}
118891 | Zig:22   | Entered Level 22 of a ziggurat
118917 | Zig:22   | Identified the +4 tower shield of Dogmatism {Regen+ Int+5
                  | Slay-6}
118941 | Zig:22   | Found the +8 mithril axe "Arga" {speed, Will+}
118963 | Zig:22   | Found the +8 orange crystal plate armour {Archmagi, Int+3
                  | Clar}
118964 | Zig:22   | Found the +5 scythe "Finisher" {speed, eviscerate}
118969 | Zig:22   | Identified the +3 flail "Omeo" {flame, *Slow rElec MP+9
                  | Str+8}
119021 | Zig:22   | Identified the +0 pair of gloves of Bitterness {Fly Dex+2}
119026 | Zig:22   | Identified the +2 hand axe of Siluqun {vamp, +Blink Str+5}
119064 | Zig:23   | Entered Level 23 of a ziggurat
119436 | Zig:23   | Identified the +7 scimitar of Foul Odours {vorpal, rN+}
119439 | Zig:23   | Identified the +6 glaive of the Dripping Puffin {vorpal,
                  | *Corrode rElec rF+++ Dex-4}
119442 | Zig:23   | Identified the +4 hand axe of the Other Side {freeze, Str+3
                  | Int+5}
119450 | Zig:23   | Identified the +5 rapier "Boumutze" {holy, rPois Stlth+}
119454 | Zig:24   | Entered Level 24 of a ziggurat
119474 | Zig:24   | Reached skill level 27 in Spellcasting
119508 | Zig:24   | Identified the ring "Monaf" {Ice rN+ Dex-5 SInv}
119510 | Zig:24   | Identified the +4 ring mail of the Unbroken {Int+4}
119512 | Zig:24   | Identified the +7 battleaxe "Lousidid" {vorpal, +Blink
                  | rElec rF++ Str-3 Int+2}
119514 | Zig:24   | Got the Volume of Icy Contamination
119515 | Zig:24   | Identified the +7 flail "Siryime" {freeze, Int+3}
119531 | Zig:24   | Identified the +9 plate armour of Pan-Flutes {rPois Will-
                  | rCorr}
119535 | Zig:24   | Identified the +4 great sword of Plog {vorpal, rCorr}
119541 | Zig:24   | Identified the ring of Unezxonk {EV+4 Dex+4}
119560 | Zig:24   | Identified the +1 scale mail "Lanom" {MP+9 SInv}
119565 | Zig:25   | Entered Level 25 of a ziggurat
119729 | Zig:25   | Identified the +6 short sword of Uvonk {venom, rElec}
119842 | Zig:26   | Entered Level 26 of a ziggurat
119881 | Zig:26   | Found the +11 plutonium sword {Contam Stlth-}
119882 | Zig:26   | Found the +8 arc blade {discharge, rElec}
119889 | Zig:26   | Identified the -2 buckler of Imperfection {rPois}
119891 | Zig:26   | Got the Handbook of the Snowflakes and Air
119914 | Zig:26   | Identified the +4 shortbow of the Jester {venom, rCorr}
119916 | Zig:26   | Identified the +0 helmet "Fakitz" {Str+3}
120147 | Zig:27   | Entered Level 27 of a ziggurat
120169 | Zig:27   | Noticed a dread lich
120171 | Zig:27   | Killed a dread lich
120172 | Zig:27   | Noticed a dread lich
120173 | Zig:27   | Noticed a dread lich
120175 | Zig:27   | Killed a dread lich
120176 | Zig:27   | Killed a dread lich
120178 | Zig:27   | Noticed an ancient lich
120181 | Zig:27   | Killed an ancient lich
120181 | Zig:27   | Noticed a dread lich
120183 | Zig:27   | Killed a dread lich
120186 | Zig:27   | Noticed a dread lich
120188 | Zig:27   | Killed a dread lich
120211 | Zig:27   | Identified the +1 long sword of Slow Death {vorpal, Dex+4}
120216 | Zig:27   | Identified the +1 pair of boots "Dats" {+Blink Int+2}
120231 | Zig:27   | Identified the +4 chain mail "Oroso" {Will+ Str+6}
120473 | Dis:5    | Noticed a royal mummy
120474 | Dis:5    | Noticed an ancient lich
120475 | Dis:5    | Killed a royal mummy
120476 | Dis:5    | Killed an ancient lich
120476 | Dis:5    | Noticed a royal mummy
120480 | Dis:5    | Killed a royal mummy
120647 | Dis:5    | Gained mutation: You occasionally shout uncontrollably at
                  | your foes. [mutagenic glow]
120961 | Dis:7    | Entered Level 7 of the Iron City of Dis
121011 | Dis:7    | Noticed a juggernaut
121015 | Dis:7    | Killed a juggernaut
121390 | Dis:7    | Identified the ring of the Hundredfold Allies {Str+6 Int+2}
121871 | Dis:7    | Reached skill level 1 in Staves
122345 | Dis:7    | Reached skill level 5 in Staves
122555 | Dis:7    | Noticed a dread lich
122561 | Dis:7    | Killed a dread lich
122608 | Dis:7    | Noticed the Serpent of Hell
122638 | Dis:7    | Killed the Serpent of Hell
122844 | Dis:7    | Noticed a juggernaut
122848 | Dis:7    | Killed a juggernaut
122915 | Dis:7    | Found the +4 staff of Dispater
122915 | Dis:7    | Identified the ring of Qiexor {Wiz rF- Dex+5 Slay+5}
122915 | Dis:7    | Noticed Dispater
122925 | Dis:7    | Killed Dispater
122965 | Dis:7    | Got an iron rune of Zot
123164 | Tar:1    | Entered Level 1 of Tartarus
123193 | Tar:1    | Reached skill level 27 in Armour
123193 | Tar:1    | Reached skill level 27 in Shields
123636 | Tar:3    | You are sucked into a shaft and drop 3 floors!
123769 | Hell     | Lost mutation: You occasionally shout uncontrollably at
                  | your foes. [potion of mutation]
123769 | Hell     | Lost mutation: You are clumsy. (Dex -2) [potion of
                  | mutation]
123769 | Hell     | Gained mutation: You are weak. (Str -2) [potion of
                  | mutation]
123769 | Hell     | Gained mutation: You sometimes lose the ability to read
                  | scrolls when taking damage. [potion of mutation]
123770 | Hell     | Lost mutation: You sometimes lose the ability to read
                  | scrolls when taking damage. [potion of mutation]
123770 | Hell     | Lost mutation: You are weak. (Str -2) [potion of mutation]
123770 | Hell     | Gained mutation: You passively map a small area around you.
                  | [potion of mutation]
123770 | Hell     | Gained mutation: Potions are less effective at restoring
                  | your health. [potion of mutation]
123770 | Hell     | Gained mutation: Your muscles are strong. (Str +2) [potion
                  | of mutation]
123771 | Hell     | Lost mutation: Potions are less effective at restoring your
                  | health. [potion of mutation]
123771 | Hell     | Lost mutation: You passively map a small area around you.
                  | [potion of mutation]
123771 | Hell     | Gained mutation: Armour fits poorly on your strangely
                  | shaped body. [potion of mutation]
123771 | Hell     | Gained mutation: Your flesh is heat resistant. (rF+)
                  | [potion of mutation]
123772 | Hell     | Lost mutation: Armour fits poorly on your strangely shaped
                  | body. [potion of mutation]
123772 | Hell     | Lost mutation: Your muscles are strong. (Str +2) [potion of
                  | mutation]
123772 | Hell     | Gained mutation: You are weak. (Str -2) [potion of
                  | mutation]
123772 | Hell     | Gained mutation: You expend magic power (3 MP) to
                  | strengthen your wands. [potion of mutation]
124496 | Tar:5    | Reached skill level 10 in Staves
124611 | Tar:7    | Entered Level 7 of Tartarus
125251 | Tar:7    | Reached skill level 27 in Earth Magic
125963 | Tar:7    | Noticed Ereshkigal
125968 | Tar:7    | Killed Ereshkigal
126038 | Tar:7    | Identified the +12 scimitar of Salt {vamp, SInv}
126045 | Tar:7    | Got a bone rune of Zot
126047 | Tar:7    | Identified the ring "Ewexuiry" {rN+ Dex+3 Slay+4}
126397 | Tar:7    | Reached skill level 15 in Dodging
127003 | Slime:1  | Entered Level 1 of the Pits of Slime
127671 | Slime:5  | Entered Level 5 of the Pits of Slime
127711 | Slime:5  | Noticed the Royal Jelly
127715 | Slime:5  | Killed the Royal Jelly
127764 | Slime:5  | Found the +9 staff of Wucad Mu {*channel}
127781 | Slime:5  | Found the +8 whip "Snakebite" {venom, curare, rPois}
127785 | Slime:5  | Identified the +8 scimitar "Teraavux" {pain, Will+}
127792 | Slime:5  | Identified the +5 hand crossbow "Poqeusuy" {venom, Str+3
                  | Dex+2}
127827 | Slime:5  | Found the ring of the Mage {Wiz Archmagi}
127864 | Slime:5  | Got a slimy rune of Zot
127865 | Slime:5  | Identified the +4 morningstar "Gram" {vorpal, Contam rC+
                  | rCorr Dex+4}
128370 | Geh:1    | Entered Level 1 of Gehenna
128370 | Geh:1    | Noticed an ancient lich
128377 | Geh:1    | Killed an ancient lich
128626 | Geh:3    | Reached skill level 5 in Ice Magic
129183 | Geh:6    | Noticed an ancient lich
129185 | Geh:6    | Killed an ancient lich
129306 | Geh:2    | Reached skill level 10 in Ice Magic
130039 | Geh:7    | Entered Level 7 of Gehenna
130182 | Pan      | Entered Pandemonium
130257 | Pan      | Identified the ring "Rokownutz" {+Blink Will+ Slay+4}
130870 | Pan      | Noticed Fudas the pandemonium lord
130876 | Pan      | Killed Fudas the pandemonium lord
131558 | Pan      | Noticed Povvad the pandemonium lord
131568 | Pan      | Killed Povvad the pandemonium lord
131654 | Pan      | Identified the +5 spear "Fess" {elec, rF- Will+ Int+3}
131657 | Pan      | Got a demonic rune of Zot
131743 | Pan      | Noticed Tookhlotz the pandemonium lord
131746 | Pan      | Killed Tookhlotz the pandemonium lord
132159 | Pan      | Noticed Mennas
132169 | Pan      | Noticed Wiakegyo the pandemonium lord
132245 | Pan      | Gained mutation: You occasionally shout uncontrollably at
                  | your foes. [mutagenic glow]
132255 | Pan      | Lost mutation: Your flesh is heat resistant. (rF+) [potion
                  | of mutation]
132255 | Pan      | Lost mutation: You expend magic power (3 MP) to strengthen
                  | your wands. [potion of mutation]
132255 | Pan      | Lost mutation: You are weak. (Str -2) [potion of mutation]
132255 | Pan      | Gained mutation: You have large cloven feet. [potion of
                  | mutation]
132255 | Pan      | Gained mutation: Your magical capacity is low. (-10% MP)
                  | [potion of mutation]
132256 | Pan      | Lost mutation: You have large cloven feet. [potion of
                  | mutation]
132256 | Pan      | Lost mutation: You occasionally shout uncontrollably at
                  | your foes. [potion of mutation]
132256 | Pan      | Lost mutation: Your magical capacity is low. (-10% MP)
                  | [potion of mutation]
132256 | Pan      | Gained mutation: Your muscles are strong. (Str +2) [potion
                  | of mutation]
132256 | Pan      | Gained mutation: Your flesh is heat resistant. (rF+)
                  | [potion of mutation]
132426 | Pan      | Killed Wiakegyo the pandemonium lord
132847 | Pan      | Killed Mennas
133485 | Pan      | Entered the realm of Gloorx Vloq.
133631 | Pan      | Found an exit through the horrors of the Abyss.
134419 | Pan      | Noticed Gloorx Vloq
134425 | Pan      | Killed Gloorx Vloq
134581 | Pan      | Got a dark rune of Zot
134701 | Pan      | Took an exit into the Abyss.
134701 | Abyss:1  | Escaped into the Abyss
134827 | Abyss:3  | Found a corrupted altar of Lugonu.
134890 | Abyss:3  | Found a transporter.
134897 | Abyss:3  | Found a transporter.
134899 | Abyss:3  | Got an abyssal rune of Zot
135014 | Depths:2 | Escaped the Abyss
135024 | Depths:2 | Learned a level 7 spell: Ozocubu's Refrigeration
135898 | Geh:7    | Identified the +0 chain mail "Eqyoh" {Harm Will- Str+2}
135994 | Geh:7    | Identified the +1 robe of Liberalism {Rampage rElec Will++}
135995 | Geh:7    | Identified the ring "Lecaguiq" {rPois rF+}
136007 | Geh:7    | Identified the +5 war axe of Equivalence {venom, Contam Fly
                  | SInv}
136272 | Geh:7    | Identified the +3 leather armour of the Doldrums {Str+5}
136313 | Geh:7    | Found the +7 sceptre of Asmodeus
136313 | Geh:7    | Noticed Asmodeus
136320 | Geh:7    | Killed Asmodeus
136401 | Geh:7    | Got an obsidian rune of Zot
136662 | Depths:2 | Bought a manual of Dodging for 1520 gold pieces
136682 | Pan      | Entered Pandemonium
137978 | Pan      | Noticed Naoguih the pandemonium lord
137987 | Pan      | Killed Naoguih the pandemonium lord
138380 | Pan      | Entered the realm of Cerebov.
139078 | Pan      | Identified the +1 pair of boots of Xeoputie {rC+}
139094 | Pan      | Identified the +1 scale mail of the Devil's Advocate {MP+9
                  | Str+2}
139106 | Pan      | Identified the +0 robe "Sextosih" {rF+ Will+ Stlth+}
139133 | Pan      | Identified the -1 cloak of the Illusory Gods {Harm Rampage
                  | rF++ Stlth-}
139172 | Pan      | Identified the +0 pair of boots "Witaghit" {rN+ Str+2}
139205 | Pan      | Found the +6 sword of Cerebov {flame}
139205 | Pan      | Noticed Cerebov
139455 | Pan      | Killed Cerebov
139579 | Pan      | Got a fiery rune of Zot
139908 | Pan      | Noticed Heuloqyu the pandemonium lord
139913 | Pan      | Killed Heuloqyu the pandemonium lord
140010 | Pan      | Identified the +11 dagger of Blood-Lust {protect, rCorr}
140583 | Pan      | Entered the realm of Lom Lobon.
140609 | Pan      | Found an exit through the horrors of the Abyss.
140626 | Pan      | Noticed Ignacio
140630 | Pan      | Killed Ignacio
141772 | Pan      | Noticed Lom Lobon
141778 | Pan      | Killed Lom Lobon
141786 | Pan      | Got a magical rune of Zot
141833 | Pan      | Entered the realm of Mnoleg.
141836 | Pan      | Found an exit through the horrors of the Abyss.
141860 | Pan      | Noticed Mnoleg
141866 | Pan      | Killed Mnoleg
141871 | Pan      | Reached skill level 27 in Fire Magic
141926 | Pan      | Got a glowing rune of Zot
141956 | Pan      | Reached skill level 15 in Ice Magic
142321 | Pan      | Noticed Kughung the pandemonium lord
142326 | Pan      | Killed Kughung the pandemonium lord
143034 | Depths:2 | Escaped Pandemonium
143374 | Tomb:1   | Entered Level 1 of the Tomb of the Ancients
143597 | Tomb:1   | Noticed a royal mummy
143603 | Tomb:1   | Killed a royal mummy
144145 | Tomb:1   | Noticed a royal mummy
144149 | Tomb:1   | Killed a royal mummy
144247 | Tomb:1   | Noticed a royal mummy
144252 | Tomb:1   | Killed a royal mummy
144337 | Tomb:1   | Noticed a royal mummy
144341 | Tomb:1   | Killed a royal mummy
144402 | Tomb:1   | Noticed a royal mummy
144408 | Tomb:1   | Killed a royal mummy
144410 | Tomb:1   | Noticed a royal mummy
144414 | Tomb:1   | Killed a royal mummy
144538 | Tomb:1   | Noticed a royal mummy
144542 | Tomb:1   | Killed a royal mummy
144566 | Tomb:1   | Noticed a royal mummy
144570 | Tomb:1   | Noticed a royal mummy
144571 | Tomb:1   | Killed a royal mummy
144571 | Tomb:1   | Killed a royal mummy
144573 | Tomb:1   | Noticed a royal mummy
144573 | Tomb:1   | Noticed a royal mummy
144575 | Tomb:1   | Killed a royal mummy
144576 | Tomb:1   | Killed a royal mummy
144662 | Tomb:1   | Noticed a royal mummy
144665 | Tomb:1   | Killed a royal mummy
144781 | Tomb:2   | Noticed a royal mummy
144782 | Tomb:2   | Noticed a royal mummy
144782 | Tomb:2   | Noticed a royal mummy
144784 | Tomb:2   | Noticed a royal mummy
144789 | Tomb:2   | Killed a royal mummy
144789 | Tomb:2   | Killed a royal mummy
144790 | Tomb:2   | Killed a royal mummy
144790 | Tomb:2   | Killed a royal mummy
145469 | Tomb:3   | Entered Level 3 of the Tomb of the Ancients
145472 | Tomb:3   | Noticed a royal mummy
145474 | Tomb:3   | Noticed a royal mummy
145479 | Tomb:3   | Killed a royal mummy
145480 | Tomb:3   | Killed a royal mummy
145486 | Tomb:3   | Noticed a royal mummy
145489 | Tomb:3   | Noticed a royal mummy
145490 | Tomb:3   | Killed a royal mummy
145490 | Tomb:3   | Paralysed by a Zot trap for 2 turns
145493 | Tomb:3   | Killed a royal mummy
145544 | Tomb:3   | Noticed Khufu
145549 | Tomb:3   | Killed Khufu
145735 | Tomb:3   | Noticed a royal mummy
145736 | Tomb:3   | Killed a royal mummy
145751 | Tomb:3   | Noticed a royal mummy
145756 | Tomb:3   | Killed a royal mummy
145925 | Tomb:3   | Identified the +2 ring mail of Reason {rC- Regen+ rCorr}
145927 | Tomb:3   | Identified the +3 whip of Siemuegh {vamp, *Rage rN+ Dex+2
                  | SInv}
145930 | Tomb:3   | Identified the +0 robe "Lagas" {-Tele Harm +Inv rCorr}
145942 | Tomb:3   | Identified the +3 short sword of the Evening {freeze, rN+
                  | Str+4 Dex-3}
146060 | Tomb:3   | Noticed a royal mummy
146067 | Tomb:3   | Killed a royal mummy
146084 | Tomb:3   | Noticed a royal mummy
146089 | Tomb:3   | Killed a royal mummy
146090 | Tomb:3   | Reached skill level 15 in Staves
146215 | Tomb:3   | Got a golden rune of Zot
146897 | Depths:3 | Lost mutation: Your flesh is heat resistant. (rF+) [potion
                  | of mutation]
146897 | Depths:3 | Lost mutation: Your muscles are strong. (Str +2) [potion of
                  | mutation]
146897 | Depths:3 | Gained mutation: You are frail. (-10% HP) [potion of
                  | mutation]
146898 | Depths:3 | Lost mutation: You are frail. (-10% HP) [potion of
                  | mutation]
146898 | Depths:3 | Gained mutation: You are frail. (-10% HP) [potion of
                  | mutation]
146898 | Depths:3 | Gained mutation: You are somewhat resistant to further
                  | mutation. [potion of mutation]
146899 | Depths:3 | Lost mutation: You are somewhat resistant to further
                  | mutation. [potion of mutation]
146899 | Depths:3 | Lost mutation: You are frail. (-10% HP) [potion of
                  | mutation]
146899 | Depths:3 | Gained mutation: Your muscles are strong. (Str +2) [potion
                  | of mutation]
146899 | Depths:3 | Gained mutation: You are agile. (Dex +2) [potion of
                  | mutation]
146899 | Depths:3 | Lost mutation: You are agile. (Dex +2) [potion of mutation]
146900 | Depths:3 | Lost mutation: Your muscles are strong. (Str +2) [potion of
                  | mutation]
146900 | Depths:3 | Gained mutation: You expend magic power (3 MP) to
                  | strengthen your wands. [potion of mutation]
146901 | Depths:3 | Lost mutation: You expend magic power (3 MP) to strengthen
                  | your wands. [potion of mutation]
146901 | Depths:3 | Gained mutation: You are strong-willed. (Will+) [potion of
                  | mutation]
146901 | Depths:3 | Gained mutation: Your magical capacity is low. (-10% MP)
                  | [potion of mutation]
146901 | Depths:3 | Gained mutation: You have hidden genetic potential. [potion
                  | of mutation]
146902 | Depths:3 | Lost mutation: Your magical capacity is low. (-10% MP)
                  | [potion of mutation]
146902 | Depths:3 | Lost mutation: You are strong-willed. (Will+) [potion of
                  | mutation]
146902 | Depths:3 | Gained mutation: Your movements are slightly less
                  | encumbered by armour. (ER -2) [potion of mutation]
146903 | Depths:3 | Lost mutation: You have hidden genetic potential. [potion
                  | of mutation]
146903 | Depths:3 | Lost mutation: Your movements are slightly less encumbered
                  | by armour. (ER -2) [potion of mutation]
146903 | Depths:3 | Gained mutation: You are partially covered in iridescent
                  | scales. (AC +2) [potion of mutation]
146903 | Depths:3 | Gained mutation: You sometimes lose the ability to read
                  | scrolls when taking damage. [potion of mutation]
146903 | Depths:3 | Gained mutation: You passively map a small area around you.
                  | [potion of mutation]
146904 | Depths:3 | Lost mutation: You passively map a small area around you.
                  | [potion of mutation]
146904 | Depths:3 | Lost mutation: You are partially covered in iridescent
                  | scales. (AC +2) [potion of mutation]
146904 | Depths:3 | Gained mutation: You expend magic power (3 MP) to
                  | strengthen your wands. [potion of mutation]
146904 | Depths:3 | Gained mutation: You are partially covered in large bone
                  | plates. (SH +4) [potion of mutation]
146905 | Depths:3 | Lost mutation: You expend magic power (3 MP) to strengthen
                  | your wands. [potion of mutation]
146905 | Depths:3 | Lost mutation: You are partially covered in large bone
                  | plates. (SH +4) [potion of mutation]
146905 | Depths:3 | Gained mutation: You are frail. (-10% HP) [potion of
                  | mutation]
146906 | Depths:3 | Lost mutation: You are frail. (-10% HP) [potion of
                  | mutation]
146906 | Depths:3 | Lost mutation: You sometimes lose the ability to read
                  | scrolls when taking damage. [potion of mutation]
146906 | Depths:3 | Gained mutation: You are partially covered in iridescent
                  | scales. (AC +2) [potion of mutation]
146906 | Depths:3 | Gained mutation: Your flesh is cold resistant. (rC+)
                  | [potion of mutation]
146906 | Depths:3 | Gained mutation: You tend to lose your temper in combat.
                  | [potion of mutation]
146907 | Depths:3 | Lost mutation: You tend to lose your temper in combat.
                  | [potion of mutation]
146907 | Depths:3 | Lost mutation: Your flesh is cold resistant. (rC+) [potion
                  | of mutation]
146907 | Depths:3 | Gained mutation: You have a pair of small horns on your
                  | head. [potion of mutation]
146907 | Depths:3 | Gained mutation: You are mostly covered in iridescent
                  | scales. (AC +4) [potion of mutation]
146908 | Depths:3 | Lost mutation: You have a pair of small horns on your head.
                  | [potion of mutation]
146908 | Depths:3 | Lost mutation: You are mostly covered in iridescent scales.
                  | (AC +4) [potion of mutation]
146908 | Depths:3 | Gained mutation: You possess an exceptional clarity of
                  | mind. [potion of mutation]
146909 | Depths:3 | Lost mutation: You are partially covered in iridescent
                  | scales. (AC +2) [potion of mutation]
146909 | Depths:3 | Lost mutation: You possess an exceptional clarity of mind.
                  | [potion of mutation]
146909 | Depths:3 | Gained mutation: You are partially covered in iridescent
                  | scales. (AC +2) [potion of mutation]
146909 | Depths:3 | Gained mutation: You are strong-willed. (Will+) [potion of
                  | mutation]
146909 | Depths:3 | Gained mutation: You are weak. (Str -2) [potion of
                  | mutation]
146909 | Depths:3 | Gained mutation: You are highly strong-willed. (Will++)
                  | [potion of mutation]
146910 | Depths:3 | Lost mutation: You are highly strong-willed. (Will++)
                  | [potion of mutation]
146910 | Depths:3 | Lost mutation: You are partially covered in iridescent
                  | scales. (AC +2) [potion of mutation]
146910 | Depths:3 | Lost mutation: You are weak. (Str -2) [potion of mutation]
146910 | Depths:3 | Gained mutation: Armour fits poorly on your strangely
                  | shaped body. [potion of mutation]
146910 | Depths:3 | Gained mutation: You have supernaturally acute eyesight.
                  | (SInv) [potion of mutation]
146911 | Depths:3 | Lost mutation: You are strong-willed. (Will+) [potion of
                  | mutation]
146911 | Depths:3 | Lost mutation: You have supernaturally acute eyesight.
                  | (SInv) [potion of mutation]
146911 | Depths:3 | Lost mutation: Armour fits poorly on your strangely shaped
                  | body. [potion of mutation]
146911 | Depths:3 | Gained mutation: Armour fits poorly on your strangely
                  | shaped body. [potion of mutation]
146911 | Depths:3 | Gained mutation: You have large cloven feet. [potion of
                  | mutation]
146912 | Depths:3 | Lost mutation: Armour fits poorly on your strangely shaped
                  | body. [potion of mutation]
146912 | Depths:3 | Lost mutation: You have large cloven feet. [potion of
                  | mutation]
146912 | Depths:3 | Gained mutation: Your flesh is cold resistant. (rC+)
                  | [potion of mutation]
146912 | Depths:3 | Gained mutation: Your spells are a little harder to cast,
                  | but a little more powerful. [potion of mutation]
146912 | Depths:3 | Gained mutation: You are partially covered in iridescent
                  | scales. (AC +2) [potion of mutation]
146913 | Depths:3 | Lost mutation: Your spells are a little harder to cast, but
                  | a little more powerful. [potion of mutation]
146913 | Depths:3 | Lost mutation: Your flesh is cold resistant. (rC+) [potion
                  | of mutation]
146913 | Depths:3 | Lost mutation: You are partially covered in iridescent
                  | scales. (AC +2) [potion of mutation]
146913 | Depths:3 | Gained mutation: Your magical capacity is low. (-10% MP)
                  | [potion of mutation]
146913 | Depths:3 | Gained mutation: Your flesh is cold resistant. (rC+)
                  | [potion of mutation]
146914 | Depths:3 | Lost mutation: Your flesh is cold resistant. (rC+) [potion
                  | of mutation]
146914 | Depths:3 | Lost mutation: Your magical capacity is low. (-10% MP)
                  | [potion of mutation]
146914 | Depths:3 | Gained mutation: You have a somewhat thin skeletal
                  | structure. (Dex +2, Stealth+) [potion of mutation]
146914 | Depths:3 | Gained mutation: You are clumsy. (Dex -2) [potion of
                  | mutation]
146915 | Depths:3 | Lost mutation: You have a somewhat thin skeletal structure.
                  | (Dex +2, Stealth+) [potion of mutation]
146915 | Depths:3 | Lost mutation: You are clumsy. (Dex -2) [potion of
                  | mutation]
146915 | Depths:3 | Gained mutation: Armour fits poorly on your strangely
                  | shaped body. [potion of mutation]
146916 | Depths:3 | Lost mutation: Armour fits poorly on your strangely shaped
                  | body. [potion of mutation]
146916 | Depths:3 | Gained mutation: You expend magic power (3 MP) to
                  | strengthen your wands. [potion of mutation]
146917 | Depths:3 | Lost mutation: You expend magic power (3 MP) to strengthen
                  | your wands. [potion of mutation]
146917 | Depths:3 | Gained mutation: You have sharp toenails. [potion of
                  | mutation]
146918 | Depths:3 | Lost mutation: You have sharp toenails. [potion of
                  | mutation]
146918 | Depths:3 | Gained mutation: You expend magic power (3 MP) to
                  | strengthen your wands. [potion of mutation]
146918 | Depths:3 | Gained mutation: Your flesh is heat resistant. (rF+)
                  | [potion of mutation]
146918 | Depths:3 | Gained mutation: You have an increased reservoir of magic.
                  | (+10% MP) [potion of mutation]
146943 | Zig:1    | Entered Level 1 of a ziggurat
146976 | Zig:2    | Entered Level 2 of a ziggurat
147091 | Zig:3    | Entered Level 3 of a ziggurat
147135 | Zig:4    | Entered Level 4 of a ziggurat
147211 | Zig:4    | Identified the ring of Xom's Malicious Joy {rC++ MP+9}
147221 | Zig:5    | Entered Level 5 of a ziggurat
147224 | Zig:5    | Paralysed by an air elemental for 1 turns
147296 | Zig:6    | Entered Level 6 of a ziggurat
147334 | Zig:7    | Entered Level 7 of a ziggurat
147362 | Zig:7    | Identified the +5 chain mail "Serralas" {Fly Int-4 Dex+3}
147365 | Zig:7    | Identified the +8 dagger of the Shouting Scorpion {pain,
                  | Dex+2}
147369 | Zig:7    | Identified the +3 scale mail of Optimism {Will++ Str-2
                  | Int-5 Dex+9}
147383 | Zig:8    | Entered Level 8 of a ziggurat
147426 | Zig:9    | Entered Level 9 of a ziggurat
147522 | Zig:10   | Entered Level 10 of a ziggurat
147541 | Zig:10   | Identified the amulet "Dissox" {RegenMP Rampage rN+ Dex+2}
147555 | Zig:10   | Identified the +10 war axe "Samazuh" {freeze, MP-9 Int+4}
147559 | Zig:11   | Entered Level 11 of a ziggurat
147566 | Zig:11   | Noticed a royal mummy
147566 | Zig:11   | Noticed a royal mummy
147568 | Zig:11   | Killed a royal mummy
147568 | Zig:11   | Killed a royal mummy
147572 | Zig:11   | Reached skill level 27 in Conjurations
147572 | Zig:11   | Found the +15 Maxwell's patent armour {-Cast -Tele rElec
                  | Will+ rCorr}
147582 | Zig:11   | Identified the amulet of Fuinid {RegenMP Str+4}
147617 | Zig:12   | Entered Level 12 of a ziggurat
147725 | Zig:13   | Entered Level 13 of a ziggurat
147732 | Zig:13   | Noticed Kaetodiq the pandemonium lord
147732 | Zig:13   | Noticed Ifiuxt the pandemonium lord
147732 | Zig:13   | Noticed Erompag the pandemonium lord
147734 | Zig:13   | Noticed Toveely the pandemonium lord
147734 | Zig:13   | Noticed Cubbucim the pandemonium lord
147735 | Zig:13   | Killed Kaetodiq the pandemonium lord
147736 | Zig:13   | Noticed Xaamuteg the pandemonium lord
147736 | Zig:13   | Killed Cubbucim the pandemonium lord
147737 | Zig:13   | Killed Xaamuteg the pandemonium lord
147739 | Zig:13   | Killed Ifiuxt the pandemonium lord
147739 | Zig:13   | Noticed Ecemephy the pandemonium lord
147739 | Zig:13   | Noticed Tiepsim the pandemonium lord
147740 | Zig:13   | Killed Toveely the pandemonium lord
147740 | Zig:13   | Killed Erompag the pandemonium lord
147741 | Zig:13   | Killed Ecemephy the pandemonium lord
147760 | Zig:13   | Killed Tiepsim the pandemonium lord
147821 | Zig:14   | Entered Level 14 of a ziggurat
147852 | Zig:14   | Identified the ring of Fiekim {*Corrode rPois rN+++ Str+6
                  | Dex-2}
147883 | Zig:15   | Entered Level 15 of a ziggurat
147888 | Zig:15   | Noticed a royal mummy
147891 | Zig:15   | Killed a royal mummy
147891 | Zig:15   | Noticed a royal mummy
147891 | Zig:15   | Noticed a royal mummy
147893 | Zig:15   | Noticed a royal mummy
147894 | Zig:15   | Noticed a royal mummy
147895 | Zig:15   | Killed a royal mummy
147895 | Zig:15   | Killed a royal mummy
147896 | Zig:15   | Killed a royal mummy
147896 | Zig:15   | Killed a royal mummy
147909 | Zig:15   | Found the +4 skin of Zhor {*Englaciate rC+++ SInv}
147910 | Zig:15   | Found the +3 Mad Mage's Maulers {Infuse+∞ RegenMP Int-3}
147919 | Zig:15   | Identified the +4 scale mail of Gallantry {rC- rN+ Int+5}
147923 | Zig:15   | Identified the +5 rapier "Veyrofot" {vorpal, rCorr Str+4}
147927 | Zig:15   | Identified the +4 hand axe "Cofear" {vorpal, rElec Str+3
                  | Dex-4}
147942 | Zig:16   | Entered Level 16 of a ziggurat
147950 | Zig:16   | Noticed a juggernaut
147950 | Zig:16   | Noticed a juggernaut
147951 | Zig:16   | Noticed a juggernaut
147951 | Zig:16   | Noticed a juggernaut
147951 | Zig:16   | Noticed a juggernaut
147952 | Zig:16   | Noticed a juggernaut
147954 | Zig:16   | Killed a juggernaut
147954 | Zig:16   | Killed a juggernaut
147954 | Zig:16   | Killed a juggernaut
147954 | Zig:16   | Killed a juggernaut
147955 | Zig:16   | Killed a juggernaut
147955 | Zig:16   | Killed a juggernaut
147980 | Zig:16   | Identified the ring of Syano {Wiz rPois rF+++ Str-4}
147993 | Zig:16   | Identified the +3 quarterstaff of Epleleit {vorpal, Fly rF+
                  | rC+ Dex-5}
147994 | Zig:16   | Identified the +2 plate armour of Grace {rElec}
148013 | Zig:17   | Entered Level 17 of a ziggurat
148042 | Zig:17   | Identified the +1 arbalest "Usugemm" {flame, rC+}
148069 | Zig:17   | Identified the amulet "Diothaby" {Faith Regen+ Dex+3
                  | Stlth+}
148078 | Zig:18   | Entered Level 18 of a ziggurat
148084 | Zig:18   | Noticed a royal mummy
148084 | Zig:18   | Noticed a royal mummy
148084 | Zig:18   | Noticed a royal mummy
148085 | Zig:18   | Noticed a royal mummy
148085 | Zig:18   | Noticed a royal mummy
148087 | Zig:18   | Killed a royal mummy
148087 | Zig:18   | Killed a royal mummy
148088 | Zig:18   | Killed a royal mummy
148088 | Zig:18   | Killed a royal mummy
148088 | Zig:18   | Noticed a royal mummy
148089 | Zig:18   | Noticed a royal mummy
148090 | Zig:18   | Killed a royal mummy
148090 | Zig:18   | Killed a royal mummy
148090 | Zig:18   | Noticed a royal mummy
148090 | Zig:18   | Noticed a royal mummy
148091 | Zig:18   | Killed a royal mummy
148092 | Zig:18   | Killed a royal mummy
148092 | Zig:18   | Killed a royal mummy
148092 | Zig:18   | Noticed a royal mummy
148093 | Zig:18   | Noticed a royal mummy
148094 | Zig:18   | Noticed a royal mummy
148095 | Zig:18   | Killed a royal mummy
148095 | Zig:18   | Noticed a royal mummy
148095 | Zig:18   | Noticed a royal mummy
148096 | Zig:18   | Noticed a royal mummy
148097 | Zig:18   | Killed a royal mummy
148097 | Zig:18   | Killed a royal mummy
148097 | Zig:18   | Killed a royal mummy
148097 | Zig:18   | Killed a royal mummy
148098 | Zig:18   | Killed a royal mummy
148107 | Zig:18   | Found the necklace of Bloodlust {*Rage Will++ Int-3 Slay+6}
148126 | Zig:18   | Identified the +4 glaive of Gloom {spect, *Noise Fly
                  | Will+++ Str+2}
148130 | Zig:18   | Identified the ring "Kema Beb" {*Slow Str+5 Int+6}
148142 | Zig:18   | Identified the +6 war axe of Zoyblaagh {vorpal, rElec rPois
                  | Int+2}
148199 | Zig:19   | Entered Level 19 of a ziggurat
148237 | Zig:19   | Identified the amulet "Icahots" {Faith rElec}
148243 | Zig:19   | Identified the +5 hand axe "Qockiw" {protect, rCorr Dex+2
                  | Stlth+}
148245 | Zig:19   | Identified the +5 hand axe of Jeuwyzau {freeze, rC+}
148274 | Zig:20   | Entered Level 20 of a ziggurat
148306 | Zig:20   | Identified the +1 robe of the Valley of Death {rC+}
148350 | Zig:21   | Entered Level 21 of a ziggurat
148364 | Zig:21   | Noticed a juggernaut
148364 | Zig:21   | Noticed a juggernaut
148365 | Zig:21   | Killed a juggernaut
148367 | Zig:21   | Killed a juggernaut
148379 | Zig:21   | Identified the +2 robe "Jeff" {*Slow rN+ Will++ Archmagi}
148387 | Zig:21   | Identified the +7 whip of Bankruptcy {speed, Str+2}
148390 | Zig:21   | Identified the +2 war axe of Kote {vorpal, rPois Int+5}
148396 | Zig:21   | Identified the ring of the Death Scarab {Int+6 Dex+3}
148415 | Zig:22   | Entered Level 22 of a ziggurat
148432 | Zig:22   | Noticed an ancient lich
148433 | Zig:22   | Noticed a dread lich
148435 | Zig:22   | Killed an ancient lich
148435 | Zig:22   | Killed a dread lich
148460 | Zig:22   | Identified the ring "Luatsiv" {MP+9 Int+4 SInv}
148485 | Zig:22   | Acquired 632 gold pieces
148487 | Zig:22   | Acquired 838 gold pieces
148513 | Zig:23   | Entered Level 23 of a ziggurat
148525 | Zig:23   | Reached skill level 27 in Dodging
148526 | Zig:23   | Reached skill level 1 in Evocations
148541 | Zig:23   | Found the dreamshard necklace {*Dream Drain}
148574 | Zig:23   | Identified the +7 battleaxe of the Disturbing Wonders
                  | {vorpal, Str+3}
148583 | Zig:23   | Identified the +9 trident of Cobwebs {freeze, Fragile rN+++
                  | Dex+5}
148608 | Zig:23   | Learned a level 9 spell: Polar Vortex
148610 | Zig:24   | Entered Level 24 of a ziggurat
148618 | Zig:24   | Noticed Timaen the pandemonium lord
148618 | Zig:24   | Noticed Zetwoaj the pandemonium lord
148620 | Zig:24   | Noticed Xidosyq the pandemonium lord
148620 | Zig:24   | Noticed Hair the pandemonium lord
148621 | Zig:24   | Killed Xidosyq the pandemonium lord
148621 | Zig:24   | Noticed Ceagiboy the pandemonium lord
148621 | Zig:24   | Noticed Luinozou the pandemonium lord
148622 | Zig:24   | Noticed Gyeselaud the pandemonium lord
148623 | Zig:24   | Noticed Soymunet the pandemonium lord
148624 | Zig:24   | Killed Zetwoaj the pandemonium lord
148625 | Zig:24   | Noticed Geizoc the pandemonium lord
148629 | Zig:24   | Noticed Inang the pandemonium lord
148629 | Zig:24   | Noticed Rat Xeco the pandemonium lord
148629 | Zig:24   | Noticed Saefrexu the pandemonium lord
148629 | Zig:24   | Noticed Oxuvvur Arab the pandemonium lord
148630 | Zig:24   | Killed Inang the pandemonium lord
148630 | Zig:24   | HP: 6/214 [disintegration (42)]
148630 | Zig:24   | Noticed Ujayxihoil the pandemonium lord
148630 | Zig:24   | HP: 1/214 [Ceagiboy the pandemonium lord/bolt of acid (5)]
148632 | Zig:24   | Killed Timaen the pandemonium lord
148632 | Zig:24   | Killed by an exploding ball lightning

Illustrated notes

Levels and vault maps discovered:
D:1:      shiori_arrival_oz, layout_loops_ring, serial_rivers,
          chequers_serial_rivers_micro_b, chequers_serial_rivers_small_b,
          chequers_serial_rivers_large_a, chequers_serial_rivers_marsh,
          hellmonk_ecumenical_altar_slurped_away, minmay_tall_x
D:2:      layout_loops_corners, serial_shops, nicolae_shop_advertising_works
          [nicolae_subvault_shop_adworks]
D:3:      layout_rooms, pf_just_have_faith
D:4:      layout_loops_ring, old_standard_altar, minmay_temple_entry_overgrown,
          minmay_misc_feat_five, roderic_roman_lattice, amcnicky_mini_pool_small
D:5:      layout_gridville, regret_index_temple_of_mockery,
          mainiacjoe_overflow_alcove_4, serial_shops, shop, enter_ossuary_5
D:6:      black_bear_nest_1, layout_rooms, nicolae_overflow_crystal_walls,
          mainiacjoe_overflow_tiny_flanked, uniq_maggie
D:7:      layout_loops_ring, nicolae_overflow_hidden_temple, enter_bailey_3,
          st_stairs_10, grunt_ministairs_14, minmay_fire_ice_demons
D:8:      layout_cave_pools, nicolae_dithmenos_shadow_blocks,
          evilmike_ruin_ashenzari, uniq_erica
D:9:      layout_stronghold, minmay_misc_feat_more_columns,
          guppyfry_early_elven_hall
D:10:     layout_basic, serial_shops, shop
D:11:     layout_rooms, dpeg_lair_monsters,
          kennysheep_orc_monster_closet_entryway, nicolae_uskayaw_suspiria,
          uniq_urug, uniq_josephine
D:12:     layout_loops_ring, serial_shops, bzr_entry_dummy,
          serial_bayou_crossing
D:13:     layout_basic
D:14:     layout_cave_pools, grunt_vaults_entry_fortified, grunt_decor_junction,
          serial_shops, nicolae_shop_bloodbath_and_beyond, small_statue_alley_a,
          uniq_louise
D:15:     grunt_enter_depths_snipers, layout_cave_pools, minmay_curled_crystal
Temple:   minmay_temple_curvy_loop
Lair:1:   layout_small_grid, gammafunk_ghost_hydra_chop, beast_lair_carwin_2
Lair:2:   layout_cellular_growth, grunt_megastairs_4
Lair:3:   layout_small_grid, dummy_spider_entry, gammafunk_ghost_icy,
          chequers_serial_rivers_micro_b, serial_bayou_pond_b,
          hangedman_lair_generics_rect
Lair:4:   layout_regular_city, minmay_swamp_entry_swarm,
          portal_ice_cave_demonic_guard
Lair:5:   beast_lair_carwin_large_2, layout_layer_cave
Lair:6:   hellmonk_lair_end_abyssal_woods, layout_cave_shapes, slime_altar_2
Swamp:1:  layout_basic_swamp, evilmike_swamp_ruin_house_2, st_swamp_ruins_3
Swamp:2:  layout_basic_swamp, evilmike_swamp_ruin_house_1
Swamp:3:  layout_falls_marsh, evilmike_swamp_ruin_rubble_2, swamp_pool4,
          uniq_aizul
Swamp:4:  swamp_icy, layout_basic_swamp
Spider:1: nicolae_spider_mines_2
Spider:2: layout_chambers, nicolae_arachne_temple, uniq_donald, uniq_mlioglotl,
          uniq_frances
Spider:3: nicolae_spider_jumping_over_cracks [nicolae_spider_jumping_sub_lanes,
          nicolae_spider_jumping_sub_notch, nicolae_spider_jumping_sub_grid,
          nicolae_spider_jumping_sub_lake], ebering_ghost_disaster_area,
          uniq_kirke, uniq_agnes
Spider:4: grunt_spider_rune_island, uniq_nikola
Slime:1:  layout_caves, cheibrodos_slime_lost_civilization_6
Slime:2:  layout_caves
Slime:3:  layout_caves
Slime:4:  layout_caves, basic_altar
Slime:5
Orc:1:    layout_diamond_mine, minmay_orc_keep, uniq_jorgrun
Orc:2:    pf_orc_diabolical, layout_caves, nicolae_volcano_entry_two_sided
Elf:1:    eino_elf_arrival_customs, layout_loops_corners, serial_shops,
          nicolae_shop_overgrown_old_shop, minivault_28,
          nicolae_elf_glass_and_crystal_pillar_2, minmay_elf_necromancy
Elf:2:    elven_hall_of_blades_hangedman_original
          [nicolae_blade_entry_sentries_behind_glass], layout_loops_cross,
          ebering_ghost_xom
Elf:3:    grunt_elf_hall_spiral, layout_geoelf_grid, glass_columns_a
Vaults:1: nicolae_vaults_little_squares_3, nicolae_vaults_gold_heap,
          hangedman_vaults_stream, gammafunk_sealed_arena,
          grunt_vaults_hallway_long, ontoclasm_vaults_gateway,
          grunt_vaults_focal, hangedman_vaults_restitches, vaults_room_corners,
          v_pattern_2, v_alt_pattern_3, vaults_mumra_minichess_inversion,
          layout_vaults_omnicross
Vaults:2: vaults_room_pools, ontoclasm_vaults_misaligned, st_quartered_hall,
          hangedman_vaults_cutoff, v_misc_27, v_misc_26,
          nicolae_vaults_yaktaur_gun_rack, hangedman_vaults_nails,
          vaults_room_semicircle, dpeg_vaults_monster_box,
          nicolae_vaults_little_squares_5, layout_vaults_chaotic_city,
          serial_shops, nicolae_shop_temple_entry_statues_fountains,
          uniq_saint_roka, uniq_mara
Vaults:3: v_misc_22, minmay_crypt_entry_simple_box, hangedman_vaults_maws,
          v_misc_4, ontoclasm_vaults_misaligned, vaults_dpeg_ring, v_pattern_5,
          vaults_room_hangedman_quadrants, layout_vaults_omnigrid
Vaults:4: vaults_room_grid, v_alt_pattern_6, nicolae_vaults_network_quinsquares
          [nicolae_vaults_network_quincunx_subvault,
          nicolae_vaults_network_quincunx_subvault,
          nicolae_vaults_network_quincunx_subvault,
          nicolae_vaults_network_quincunx_subvault], v_misc_10, v_misc_4,
          hangedman_vaults_trim, hangedman_vaults_nails,
          nicolae_vaults_little_squares_5, vaults_room_ringed_pool,
          nicolae_vaults_diagonal_hallway_8, layout_vaults_ring, serial_shops,
          shop, shop
Vaults:5: uniq_bai_suzhen, uniq_sojobo
Crypt:1:  layout_misc_corridors, serial_sigils_hangedman_shear, minivault_19,
          serial_sigils_hangedman_confine, st_stairs_5, corexii_hall_statues_i
Crypt:2:  layout_gridlike, grunt_megastairs_5
Crypt:3:  cryptofortress_bobbens
Tomb:1
Tomb:2
Tomb:3
Depths:1: layout_gridlike, special_room [special_room_morgue], elyvilon_altar_1,
          serial_shops, nicolae_shop_crystal, hell_entry,
          nemelex_spade_bored_becter, serial_bayou_shore_b, firewood_loft,
          minmay_shop_grove
Depths:2: constructs_gauntlet_mu_hangedman, layout_cave_pools, hell_entry,
          rand_demon_pan_entry_7, enter_trove_5, nicolae_wooded_promenade,
          serial_bayou_ford_a, ice2_lemuel, serial_bayou_shore_a,
          infiniplex_staircase_zigzag_2
Depths:3: hangedman_cross_veins, layout_basic, enter_ziggurat_e,
          serial_sigils_hangedman_carve, abyss_entry, hell_entry, uniq_margery
Depths:4: evilmike_zot_entry_hall, layout_cave_shapes, hell_entry,
          chequers_serial_rivers_small_a, columned_hall_lemuel,
          serial_bayou_shore_b
Hell
Dis:1:    layout_subdivisions, serial_glass, glass_columns_a, glass_columns_b,
          glass_columns_b, glass_columns_b, glass_columns_b, glass_columns_a,
          glass_columns_a, glass_columns_b, glass_columns_a, glass_columns_a,
          glass_columns_a, glass_columns_a, glass_columns_a
Dis:2:    layout_gridville
Dis:3:    nicolae_dis_pentagon_2, layout_regular_city,
          nicolae_dis_step_into_the_octagon
Dis:4:    nicolae_dis_pentagon_1, layout_overlapping_boxes
Dis:5:    layout_regular_city, lemuel_mystery_crypt
Dis:6:    layout_gridville
Dis:7:    dis_st
Geh:1:    layout_gehenna_pools_box
Geh:2:    layout_gehenna_pools_box
Geh:3:    layout_gehenna_pools_box
Geh:4:    layout_gehenna_pools_box
Geh:5:    layout_gehenna_lava_caves
Geh:6:    nicolae_geh_lava_swirls, layout_gehenna_pools_box
Geh:7:    evilmike_geh
Coc:1:    layout_cocytus_water_paths
Coc:2:    layout_cocytus_water_paths
Coc:3:    layout_cocytus_water_paths
Coc:4:    layout_ice_bergs
Coc:5:    layout_ice_bergs
Coc:6:    layout_cocytus_water_paths
Coc:7:    coc_grunt_cove [coc_grunt_cove_antaeus, coc_grunt_cove_fiend,
          coc_grunt_cove_fiend, coc_grunt_cove_fiend, coc_grunt_cove_fiend]
Tar:1:    layout_honeycomb
Tar:2:    layout_cathedral_of_symmetry
Tar:3:    layout_honeycomb
Tar:4:    layout_grid_maze
Tar:5:    layout_grid_maze
Tar:6:    layout_catacombs
Tar:7:    tar_minmay_river
Zot:1:    layout_concentric_octagons, grunt_ministairs_2
Zot:2:    layout_misc_corridors
Zot:3:    dreamdust_black_sun_cult, layout_misc_corridors
Zot:4:    layout_basic, gammafunk_ghost_tricky_traps
Zot:5:    layout_misc_corridors
Zig:24

Skill      XL: |  1  2  3  4  5  6  7  8  9 10 11 12 13 14 15 16 17 18 19 20 21 22 23 24 25 26 27 |
---------------+----------------------------------------------------------------------------------+-----
Transmutations | 1 3 6 8 18 | 18.0
Earth Magic    | 4 5 6 7 8 9 10 11 13 14 15 16 17 19 20 21 27 | 27.0
Spellcasting   | 3 4 5 7 8 9 10 12 13 14 16 17 18 19 21 22 23 27 | 27.0
Fighting       | 1 2 3 5 6 7 8 9 10 11 12 13 14 15 16 18 20 21 27 | 27.0
Conjurations   | 1 2 3 5 6 7 8 9 10 11 12 13 14 15 27 | 27.0
Armour         | 2 4 5 6 7 8 9 11 12 13 14 15 16 18 27 | 27.0
Shields        | 2 4 5 6 7 8 9 11 12 13 14 15 16 18 27 | 27.0
Ice Magic      | 1 3 21 | 21.4
Stealth        | 3 |  3.0
Fire Magic     | 3 6 8 9 12 14 15 27 | 27.0
Necromancy     | 2 5 6 7 21 | 21.0
Dodging        | 27 | 27.0
Staves         | 18 | 18.0
Evocations     | 9 |  9.0

Action                   |  1- 3 |  4- 6 |  7- 9 | 10-12 | 13-15 | 16-18 | 19-21 | 22-24 | 25-27 || total
-------------------------+-------+-------+-------+-------+-------+-------+-------+-------+-------++-------
Melee: Dagger            |    78 |       |       |       |       |       |       |       |       ||    78
       Unarmed           |    14 |       |       |       |       |       |       |       |       ||    14
       Punch             |     1 |     1 |     3 |       |       |       |       |       |       ||     5
       Whip              |    15 |   197 |   112 |   259 |       |       |       |       |       ||   583
       Hand axe          |       |       |       |    23 |   172 |   103 |       |       |       ||   298
       Scimitar          |       |       |       |     4 |       |       |       |       |       ||     4
       Demon trident     |       |       |       |    16 |     3 |       |       |       |       ||    19
       Broad axe         |       |       |       |       |       |   191 |   112 |   251 |   681 ||  1235
       Staff             |       |       |       |       |       |       |       |       |   504 ||   504
 Cast: Sandblast         |    13 |    18 |    94 |    78 |    83 |    34 |    13 |     1 |       ||   334
       Passwall          |       |     1 |       |     4 |       |     8 |     2 |     3 |    23 ||    41
       Stone Arrow       |       |       |    53 |   214 |   242 |    20 |     8 |     5 |     4 ||   546
       Static Discharge  |       |       |       |     5 |     6 |     1 |     4 |       |       ||    16
       Swiftness         |       |       |       |     3 |     6 |     3 |     1 |     2 |    35 ||    50
       Iron Shot         |       |       |       |     1 |   123 |   394 |   507 |   450 |   615 ||  2090
       Freezing Cloud    |       |       |       |       |    93 |   257 |   159 |    92 |   134 ||   735
       Irradiate         |       |       |       |       |       |    11 |     4 |       |       ||    15
       Lehudib's Crystal |       |       |       |       |       |       |     9 |    26 |   174 ||   209
       Starburst         |       |       |       |       |       |       |     1 |       |       ||     1
       Ignition          |       |       |       |       |       |       |       |    55 |   434 ||   489
       Borgnjor's Vile C |       |       |       |       |       |       |       |    86 |   737 ||   823
       Shatter           |       |       |       |       |       |       |       |     2 |   318 ||   320
       Fire Storm        |       |       |       |       |       |       |       |       |   355 ||   355
       Necromutation     |       |       |       |       |       |       |       |       |   169 ||   169
       Ozocubu's Refrige |       |       |       |       |       |       |       |       |    95 ||    95
 Abil: End Transformatio |       |       |       |       |       |       |       |       |    42 ||    42
Evoke: Wand              |       |       |    18 |    22 |     1 |    13 |     4 |       |       ||    58
       Phantom mirror    |       |       |       |       |       |       |       |       |     3 ||     3
       Figurine of a zig |       |       |       |       |       |       |       |       |     1 ||     1
  Use: Scroll            |       |     4 |    12 |    11 |    11 |    12 |     7 |    10 |    38 ||   105
       Potion            |       |       |     1 |     3 |     3 |     5 |     2 |       |    61 ||    75
 Stab: Sleeping          |     5 |       |       |     3 |       |     2 |       |     1 |       ||    11
       Distracted        |       |       |       |       |     1 |       |       |       |       ||     1
Armor: Robe              |    38 |       |       |       |       |   296 |   131 |   259 |   328 ||  1052
       Ring mail         |     5 |   131 |    64 |       |       |       |       |       |       ||   200
       Steam dragon scal |       |       |    27 |   218 |   208 |   125 |       |       |       ||   578
       Crystal plate arm |       |       |       |       |       |       |       |       |  1113 ||  1113
Dodge: Dodged            |    67 |   134 |   124 |   250 |   198 |   291 |    99 |   142 |   599 ||  1904
Block: Buckler           |       |       |    19 |   125 |   175 |   161 |       |       |       ||   480
       Kite shield       |       |       |       |       |       |   190 |   164 |   335 |   389 ||  1078
       Reflection        |       |       |       |       |       |     1 |    48 |     9 |    29 ||    87
       Tower shield      |       |       |       |       |       |       |       |       |  1994 ||  1994
